Workbook
Name a: '[1]KW Vlookup'!#REF!
Name a: '[1]KW Vlookup'!#REF!
Name a: '[1]KW Vlookup'!#REF!
Name a: '[1]KW Vlookup'!#REF!
Name a: '[1]KW Vlookup'!#REF!
Name a: '[1]KW Vlookup'!#REF!
Name a: '[1]KW Vlookup'!#REF!
Name a: '[1]KW Vlookup'!#REF!
Name a: '[1]KW Vlookup'!#REF!
Name a: '[1]KW Vlookup'!#REF!
Name a: '[1]KW Vlookup'!#REF!
Name a: '[1]KW Vlookup'!#REF!
Name a: '[1]KW Vlookup'!#REF!
Name a: '[1]KW Vlookup'!#REF!
Name a: '[1]KW Vlookup'!#REF!
Name a: '[1]KW Vlookup'!#REF!
Name a: '[1]KW Vlookup'!#REF!
Name Battery: [2]Sheet2!$A$4:$A$5
Name BU: '[3]KW Vlookup'!$O$4:$O$8
Name BU: '[3]KW Vlookup'!$O$4:$O$8
Name BU: '[3]KW Vlookup'!$O$4:$O$8
Name BU: '[3]KW Vlookup'!$O$4:$O$8
Name BU: '[3]KW Vlookup'!$O$4:$O$8
Name BU: '[3]KW Vlookup'!$O$4:$O$8
Name BU: '[3]KW Vlookup'!$O$4:$O$8
Name BU: '[3]KW Vlookup'!$O$4:$O$8
Name BU: '[3]KW Vlookup'!$O$4:$O$8
Name BU: '[3]KW Vlookup'!$O$4:$O$8
Name BU: '[3]KW Vlookup'!$O$4:$O$8
Name BU: '[3]KW Vlookup'!$O$4:$O$8
Name BU: '[3]KW Vlookup'!$O$4:$O$8
Name BU: '[3]KW Vlookup'!$O$4:$O$8
Name BU: '[3]KW Vlookup'!$O$4:$O$8
Name BU: '[3]KW Vlookup'!$O$4:$O$8
Name BU: '[1]KW Vlookup'!$O$4:$O$8
Name CT: '[3]KW Vlookup'!$R$4:$R$8
Name CT: '[3]KW Vlookup'!$R$4:$R$8
Name CT: '[3]KW Vlookup'!$R$4:$R$8
Name CT: '[3]KW Vlookup'!$R$4:$R$8
Name CT: '[3]KW Vlookup'!$R$4:$R$8
Name CT: '[3]KW Vlookup'!$R$4:$R$8
Name CT: '[3]KW Vlookup'!$R$4:$R$8
Name CT: '[3]KW Vlookup'!$R$4:$R$8
Name CT: '[3]KW Vlookup'!$R$4:$R$8
Name CT: '[3]KW Vlookup'!$R$4:$R$8
Name CT: '[3]KW Vlookup'!$R$4:$R$8
Name CT: '[3]KW Vlookup'!$R$4:$R$8
Name CT: '[3]KW Vlookup'!$R$4:$R$8
Name CT: '[3]KW Vlookup'!$R$4:$R$8
Name CT: '[3]KW Vlookup'!$R$4:$R$8
Name CT: '[3]KW Vlookup'!$R$4:$R$8
Name CT: '[1]KW Vlookup'!$R$4:$R$8
Name D: '[3]KW Vlookup'!$P$4:$P$8
Name D: '[3]KW Vlookup'!$P$4:$P$8
Name D: '[3]KW Vlookup'!$P$4:$P$8
Name D: '[3]KW Vlookup'!$P$4:$P$8
Name D: '[3]KW Vlookup'!$P$4:$P$8
Name D: '[3]KW Vlookup'!$P$4:$P$8
Name D: '[3]KW Vlookup'!$P$4:$P$8
Name D: '[3]KW Vlookup'!$P$4:$P$8

Sheet 12801-Summary
A1: GANYESA HOSPITAL
A2: DEPARTMENT OF HEALTH
A3: BILL OF QUANTITIES
A6: SUMMARY FOR BILLS OF QUANTITIES : ELECTRICAL SERVICES
A8: ITEM | B8: DESCRIPTION | C8: AMOUNT
A9: 1 | B9: BILL 1: PRELIMINARY AND GENERAL | C9: ='12801-BOQ1(P&G)'!E42 -> 0
A10: 2 | B10: BILL 2: COMPLIANCE CERTIFICATION (SANS 10142) | C10: ='12801-BOQ2(CoC)'!E30 -> 0
A11: 3 | B11: BILL 3: DISTRIBUTION SWITCHBOARDS | C11: ='12801-BOQ3DB)'!E474 -> 0
A12: 4 | B12: BILL 4: SMALL POWER INSTALLATIONS | C12: ='12801-BOQ4(SP)'!E329 -> 0
A13: 5 | B13: BILL 5: LIGHTING INSTALLATIONS | C13: ='12801-BOQ5(L)'!E283 -> 0
A14: 6 | B14: BILL 6: NURSE CALL SYSTEMS | C14: ='12801-BOQ6(NCS)'!E113 -> 0
A15: 7 | B15: BILL 7: SURGE & LIGHTNING PROTECTION | C15: ='12801-BOQ7(SLP)'!E114 -> 0
A16: 8 | B16: BILL 8: EMERGENCY POWER | C16: ='12801-BOQ8(SGen)'!E39 -> 0
A17: 9 | B17: BILL 9: HVAC | C17: ='12801-BOQ9(HVAC)'!E225 -> 0
A18: 10 | B18: BILL 10: FIRE WATER PUMP & PLANT ROOM - WIP | C18: ='12801-BOQ10(FirePump)'!E38 -> 0
A19: 11 | B19: SUB-TOTAL : ELECTRICAL [Items 1 to 10] (Excl. VAT) | C19: =SUM(C9:C18) -> 0
A20: 12 | B20: VAT 15% | C20: =C19*0.15 -> 0
A21: 13 | B21: TOTAL AMOUNT : ELECTRICAL [Items 11+12] (Incl. VAT) | C21: =SUM(C19:C20) -> 0

Sheet 12801-BOQ1(P&G)
A1: GANYESA HOSPITAL
A2: DEPARTMENT OF HEALTH
A3: BILL OF QUANTITIES - ELECTRICAL
A6: BOQ No.1: Preliminary & General
A8: ITEM | B8: DESCRIPTION | C8: UNIT | D8: QTY | E8: RATE | F8: AMOUNT
A10: 1.1 | B10: SITE ESTABLISHMENT & ADMIN COSTS | C10: Lot | D10: 1 | F10: =E10*$D10 -> 0
B11: a) Site Office (Camp and Fencing) & Store | F11: =E11*$D11 -> 0
B12: b) Site Personnel (including security) & Supervisory Staff | F12: =E12*$D12 -> 0
B13: c) Transport (staff). | F13: =E13*$D13 -> 0
B14: d) Insurances & Surety/Bank guarantee. | F14: =E14*$D14 -> 0
B15: e) Running costs e.g. electricity, water, telephone, printing, etc. | F15: =E15*$D15 -> 0
F16: =E16*$D16 -> 0
A17: 1.2 | B17: GENERAL COSTS | F17: =E17*$D17 -> 0
A18: 1.2.1 | B18: Ensure full compliance with all the requirements of the Health and Safety (H&S) Undertaking. Including, but not limited to, that all work shall be carried out strictly in accordance with the relevant OHS Act requirements; weekly H&S meetings and H&S site file that is always on site and kept up to date. | C18: Lot | D18: 1 | F18: =E18*$D18 -> 0
A19: 1.2.2 | B19: Critical path schedule, contract programme, including weekly updating and attending two weekly site meetings. | C19: Lot | D19: 1 | F19: =E19*$D19 -> 0
F20: =E20*$D20 -> 0
A21: 1.3 | B21: DISPOSAL OF REDUNDANT MATERIAL | F21: =E21*$D21 -> 0
A22: 1.3.1 | B22: The Contractor shall make provision for the safe disconnection, removal, loading, transport and safe disposal of all redundant materials inclusive of distribution boards, switchgear, cable, conduit, wire channel, small power outlets, luminaires, lamps and electrical sundry materials in accordance with standard safe practices. | C22: Lot | D22: 1 | F22: =E22*$D22 -> 0
A23: 1.3.2 | B23: The Contractor shall obtain a Safe Disposal Certificate from a registered hazardous waste site as confirmation of the safe disposal of all flourescent lamps identified as been redundant. The certificate shall indicate the waste type, volume and hazardous waste site used. | C23: Lot | D23: 1 | F23: =E23*$D23 -> 0
F24: =E24*$D24 -> 0
A25: 1.4 | B25: SITE CLEAN-UP | C25: Lot | D25: 1 | F25: =E25*$D25 -> 0
B26: Clean-up of the construction site after completion of the Works, to the satisfaction of both the Engineer and the Client. | F26: =E26*$D26 -> 0
F27: =E27*$D27 -> 0
F28: =E28*$D28 -> 0
F29: =E29*$D29 -> 0
F30: =E30*$D30 -> 0
F31: =E31*$D31 -> 0
F32: =E32*$D32 -> 0
F33: =E33*$D33 -> 0
F34: =E34*$D34 -> 0
F35: =E35*$D35 -> 0
F36: =E36*$D36 -> 0
F37: =E37*$D37 -> 0
F38: =E38*$D38 -> 0
... F41: =E41*$D41 -> 0
A42: CARRIED FORWARD TO ITEM 1 - SUMMARY FOR BILLS OF QUANTITIES | E42: =SUM(F9:F41) -> 0

Sheet 12801-BOQ2(CoC)
A1: GANYESA HOSPITAL
A2: DEPARTMENT OF HEALTH
A3: BILL OF QUANTITIES - ELECTRICAL
A6: BOQ No.2: Compliance Certification (SANS 10142)
A8: ITEM | B8: DESCRIPTION | C8: UNIT | D8: QTY | E8: RATE | F8: AMOUNT
A10: 2.1 | B10: STANDARD REGULATIONS AND CODES OF PRACTICE | F10: =E10*$D10 -> 0
B11: The Occupational Health and Safety Act, 1993 (Act No. 85 of 1993) (OHS Act), which is administered by the Chief Inspector of Occupational Health and Safety of the Department of Labour, requires that electrical installations comply with the requirements of SANS 10142-1. It also requires that a registered person, as defined (master installation electrician, installation electrician or electrical tester for single phase), will issue a Certificate of Compliance together with a test report. The certificate shall be in the form of the Certificate of Compliance published in the Electrical Installation Regulations, 2012, and the test report shall be in the form of the test report as per SANS 10142.
A12: 2.2 | B12: SPECIALIST SUB-CONTRACTOR (MASTER ELECTRICIAN) | F12: =E12*$D12 -> 0
A13: 2.2.1 | B13: The Contractor shall make allowance for supervision of the electrical repair/installation works by a certificated master electrician, as pertaining to specilist medical locations (theatres, high care units, wards, etc.) and as detailed below:
B14: a) Supervisory works for duration of project | C14: Hrs | D14: 48 | F14: =E14*$D14 -> 0
B15: b) Travelling | C15: Km | D15: 2400 | F15: =E15*$D15 -> 0
B16: c) Accommodation | C16: Days | D16: 8 | F16: =E16*$D16 -> 0
A17: 2.2.2 | B17: On receiving confirmation from the Client that the electrical works is complete, the Contractor shall make allowance for the return to site of the master electrician to conduct all necessary inspections and testing in order to issue valid Certificates of Compliance , as pertaining to specilist medical locations (theatres, high care units, wards, etc.) and as detailed below.
B18: Inspection, testing and commissioning of electrical installations as specified above: | F18: =E18*$D18 -> 0
B19: a) Theater - Master Electrician | C19: No | D19: 2 | F19: =E19*$D19 -> 0
B20: b) High Care Unit - Master Electrician | C20: No | D20: 1 | F20: =E20*$D20 -> 0
B21: c) Normal Hospital Accomodation - Installation Electrician | C21: No | D21: 21 | F21: =E21*$D21 -> 0
B22: d) Travelling | C22: Km | D22: 600 | F22: =E22*$D22 -> 0
B23: e) Accommodation | C23: Days | D23: 3 | F23: =E23*$D23 -> 0
A24: 2.2.3 | B24: Compilation of electrical as-build drawings of the complete hospital complex, and as indicated below: | F24: =E24*$D24 -> 0
B25: a) LV distribution network diagram | C25: Lot | D25: 1 | F25: =E25*$D25 -> 0
B26: b) LV distribution board single-line diagrams | C26: No | D26: 24 | F26: =E26*$D26 -> 0
B27: c) LV small power; indoor & outdoor lighting layout drawings | C27: Lot | D27: 1 | F27: =E27*$D27 -> 0
A28: 2.2.4 | B28: Certificates of Compliance for the complete works as per SANS 10142-1. | C28: Lot | D28: 1 | F28: =E28*$D28 -> 0
F29: =E29*$D29 -> 0
A30: CARRIED FORWARD TO ITEM 2 - SUMMARY FOR BILLS OF QUANTITIES | E30: =SUM(F9:F28) -> 0

Sheet 12801-BOQ3DB)
A1: GANYESA HOSPITAL
A2: DEPARTMENT OF HEALTH
A3: BILL OF QUANTITIES - ELECTRICAL
A6: BOQ No.3: Distribution Boards
A8: ITEM | B8: DESCRIPTION | C8: UNIT | D8: QTY | E8: RATE | F8: AMOUNT
A10: 3.1 | B10: STANDARD REGULATIONS AND CODES OF PRACTICE | F10: =E10*$D10 -> 0
B11: All low voltage electrical distribution board installation work associated with this project shall be in accordance with the latest SANS Codes of Practice 10142-1 and in conjunction with: | F11: =E11*$D11 -> 0
B12: Occupational Health and Safety Act of 1993
B13: Manufacturer’s Specifications and Installation Instructions.
B14: Industry Standard Good Practices
A15: 3.2 | B15: GENERAL OVERVIEW | F15: =E15*$D15 -> 0
B16: Allowance shall be made for the installation, servicing, repairing and/or maintenance of all existing and/or new distribution boards as specified below, as a minimum. | F16: =E16*$D16 -> 0
A17: 3.2.1 | B17: Servicing of Existing Distribution Boards | F17: =E17*$D17 -> 0
B18: Allow for the comprehensive servicing of the distribution board which shall include for the opening of the distribution board; internal cleaning of the enclosure; cleaning of equipment and meters; removal of obsolete distribution board equipment; re-arrangement of equipment and wiring; treatment of the enclosure for moisture ingress and corrosion; vermin protection; tightening of all terminals on switchgear, neutral / earth bars and replacement of non-compliant wiring where required. | F18: =E18*$D18 -> 0
A19: 3.2.2 | B19: Circuit Verification & Electrical Integrity of Existing D/Boards | F19: =E19*$D19 -> 0
B20: Allow for the comprehensive visual inspection and operational testing of the distribution board circuits (inclusive of power, protection & control switchgear and components), in conjunction with, the tracing and labelling (traffolyte) of all outgoing circuits and ratifying of conductor phase colour-coding , in order to verify the electrical integrity and compliance of the circuits within the DB's area of distribution.
A21: 3.2.3 | B21: New Distribution Boards
B22: New enclosures shall be powder coated, have a minimum IP35 rating (indoors), IP65 rating (outdoors) and be c/w steelwork, frames, sub-frames, chassis, covers and lockable doors.
B23: New distribution switchboards shall be of the specified enclosure, factory equipped and wired c/w power and control switchgear, busbars, internal wiring, auxillary equipment, fixing accessories, labelling, signage and allowance for 30% spare capacity.
A24: 3.2.4 | B24: Distribution Board LV Switchgear
B25: All new low voltage switchgear required to be installed, in existing and/or new distribution board enclosures, shall be of the CBI range, or equivalent and approved.
F31: =IF(D31="n/a","Rate Only",IF(D31>0,E31*D31,0)) -> 0
A32: ITEM | B32: DESCRIPTION | C32: UNIT | D32: QTY | E32: RATE | F32: AMOUNT
A34: 3.3 | B34: DISTRIBUTION BOARDS
B35: All distribution boards shall be either installed, serviced, repaired and/or maintained such that after final inspection and testing, an electrical certificate of compliance may be issued.
A36: 3.3.1 | B36: DB # 01 (Munic Point of Supply * Main Kiosk)
B37: Outdoor * Plinth Mounted
A38: a) | B38: Service distribution kiosk | C38: Lot | D38: 1 | F38: =$D38*E38 -> 0
A39: b) | B39: Cable installed but not connected - make safe & secure | C39: Lot | D39: 1 | F39: =$D39*E39 -> 0
A40: c) | B40: Circuit verification & tracing - allow for five circuits | C40: No | D40: 5 | F40: =$D40*E40 -> 0
A41: d) | B41: Traffolyte circuit labels - allow for five circuits | C41: No | D41: 5 | F41: =$D41*E41 -> 0
A42: e) | B42: Traffolyte DB labels - allow for Kiosk "Name" and "Fed from…" | C42: Lot | D42: 1 | F42: =$D42*E42 -> 0
A43: f) | B43: Kiosk legend card | C43: No | D43: 1 | F43: =$D43*E43 -> 0
A44: g) | B44: Conduct infrared scan on kiosk on completion of works | C44: Lot | D44: 1 | F44: =$D44*E44 -> 0
A45: h) | B45: Final inspection and testing in preparation for issue of certificate of compliance by master electrician | C45: Lot | D45: 1 | F45: =$D45*E45 -> 0
A46: 3.3.2 | B46: DB # 02 (LT Room * Main LT Board) | F46: =$D46*E46 -> 0
B47: Indoor * Floor Standing | F47: =$D47*E47 -> 0
A48: a) | B48: Service distribution board | C48: Lot | D48: 1 | F48: =$D48*E48 -> 0
A49: b) | B49: Circuit verification & tracing - allow for fifteen circuits | C49: No | D49: 15 | F49: =$D49*E49 -> 0
A50: c) | B50: Traffolyte circuit labels - allow for fifteen circuits | C50: No | D50: 15 | F50: =$D50*E50 -> 0
A51: d) | B51: Traffolyte DB labels - allow for DB "Name" and "Fed from…" | C51: Lot | D51: 1 | F51: =$D51*E51 -> 0
A52: e) | B52: DB legend card | C52: No | D52: 1 | F52: =$D52*E52 -> 0
A53: f) | B53: Balance loads over all three phases | C53: Lot | D53: 1 | F53: =$D53*E53 -> 0
A54: g) | B54: Conduct infrared scan on board on completion of works | C54: Lot | D54: 1 | F54: =$D54*E54 -> 0
A55: h) | B55: LT Room main earth point to be serviced | C55: Lot | D55: 1 | F55: =$D55*E55 -> 0
B56: Allow for disconnecting all terminations; clean and sand busbar surface; install new termination bolts and nuts (6off) c/w spring washers & flat washers; reconnect all terminations | F56: =$D56*E56 -> 0
A57: i) | B57: Final inspection and testing in preparation for issue of certificate of compliance by master electrician | C57: Lot | D57: 1 | F57: =$D57*E57 -> 0
A58: 3.3.3 | B58: DB # 03 (LT Room * DB-UPS) | F58: =$D58*E58 -> 0
B59: Indoor * Surface Mounted | F59: =$D59*E59 -> 0
A60: a) | B60: Supply and install new UPS surface-mounted main distribution board, inclusive of the following switchgear: | C60: Lot | D60: 1 | F60: =$D60*E60 -> 0
B61: 1 x 50A 3-pole circuit breaker * 10kA * Incoming Mains | F61: =$D61*E61 -> 0
B62: 1 x 32A 3-pole circuit breaker * 10kA * Feeder - Theatres | F62: =$D62*E62 -> 0
B63: 1 x 32A 3-pole circuit breaker * 10kA * Feeder - Casualty | F63: =$D63*E63 -> 0
F64: =$D64*E64 -> 0
B65: Carried Forward to NEXT PAGE | E65: =SUM(F33:F64) -> 0
A66: ITEM | B66: DESCRIPTION | C66: UNIT | D66: QTY | E66: RATE | F66: AMOUNT
B67: Brought Forward from PREVIOUS PAGE | E67: =E65 -> 0
F68: =$D68*E68 -> 0
A69: b) | B69: Traffolyte DB labels - allow for DB "Name" and "Fed from…" | C69: Lot | D69: 1 | F69: =$D69*E69 -> 0
A70: c) | B70: DB legend card | C70: No | D70: 1 | F70: =$D70*E70 -> 0
A71: d) | B71: Conduct infrared scan on board on completion of works | C71: Lot | D71: 1 | F71: =$D71*E71 -> 0
A72: e) | B72: Final inspection and testing in preparation for issue of certificate of compliance by master electrician | C72: Lot | D72: 1 | F72: =$D72*E72 -> 0
A73: 3.3.4 | B73: DB # 04 (Genearator Room * DB-Gen) | F73: =$D73*E73 -> 0
B74: Indoor * Floor Standing | F74: =$D74*E74 -> 0
A75: a) | B75: Supply and install new single-tier floor standing enclosure 2000(H)x600(W)x600(D) | C75: No | D75: 1 | F75: =$D75*E75 -> 0
A76: b) | B76: Relocate all existing circuits to new enclosure (allow for new glands and lugs for 15 circuits) | C76: No | D76: 15 | F76: =$D76*E76 -> 0
A77: c) | B77: Remove existing change-over panel # no longer operational | C77: Lot | D77: 1 | F77: =$D77*E77 -> 0
A78: d) | B78: Circuit verification & tracing - allow for fifteen circuits | C78: No | D78: 15 | F78: =$D78*E78 -> 0
A79: e) | B79: Traffolyte circuit labels - allow for fifteen circuits | C79: No | D79: 15 | F79: =$D79*E79 -> 0
A80: f) | B80: Traffolyte DB labels - allow for DB "Name" and "Fed from…" | C80: Lot | D80: 1 | F80: =$D80*E80 -> 0
A81: g) | B81: DB legend card | C81: No | D81: 1 | F81: =$D81*E81 -> 0
A82: h) | B82: Conduct infrared scan on board on completion of works | C82: Lot | D82: 1 | F82: =$D82*E82 -> 0
A83: i) | B83: Final inspection and testing in preparation for issue of certificate of compliance by master electrician | C83: Lot | D83: 1 | F83: =$D83*E83 -> 0
A84: 3.3.5 | B84: DB # 05 (Pump Room * DB-H ) | F84: =$D84*E84 -> 0
B85: Indoor * Surface Mounted | F85: =$D85*E85 -> 0
A86: a) | B86: Service distribution board | C86: Lot | D86: 1 | F86: =$D86*E86 -> 0
A87: b) | B87: Circuit verification & tracing - allow for eight circuits | C87: No | D87: 8 | F87: =$D87*E87 -> 0
A88: c) | B88: Traffolyte labelling - allow for eight circuits | C88: No | D88: 8 | F88: =$D88*E88 -> 0
A89: d) | B89: Traffolyte DB labels - allow for DB "Name" and "Fed from…" | C89: Lot | D89: 1 | F89: =$D89*E89 -> 0
A90: e) | B90: DB legend card | C90: No | D90: 1 | F90: =$D90*E90 -> 0
A91: f) | B91: Install flash barriers on main isolator | C91: Sets | D91: 2 | F91: =$D91*E91 -> 0
A92: g) | B92: Rectify corrosion on busbar connections | C92: Lot | D92: 1 | F92: =$D92*E92 -> 0
B93: Allow for disconnecting all terminations; clean and sand busbar surface; install new termination bolts and nuts (6off) c/w spring washers & flat washers; reconnect all terminations | F93: =$D93*E93 -> 0
A94: h) | B94: Conduct infrared scan on board on completion of works | C94: Lot | D94: 1 | F94: =$D94*E94 -> 0
A95: i) | B95: Final inspection and testing in preparation for issue of certificate of compliance by master electrician | C95: Lot | D95: 1 | F95: =$D95*E95 -> 0
F96: =$D96*E96 -> 0
F97: =$D97*E97 -> 0
B98: Carried Forward to NEXT PAGE | E98: =SUM(F68:F97)+E67 -> 0
A99: ITEM | B99: DESCRIPTION | C99: UNIT | D99: QTY | E99: RATE | F99: AMOUNT
B100: Brought Forward from PREVIOUS PAGE | E100: =E98 -> 0
F101: =$D101*E101 -> 0
A102: 3.3.6 | B102: DB # 06 (Pump Room * DB-Preheat Elements ) | F102: =$D102*E102 -> 0
B103: Indoor * Surface Mounted | F103: =$D103*E103 -> 0
A104: a) | B104: Service distribution board | C104: Lot | D104: 1 | F104: =$D104*E104 -> 0
A105: b) | B105: Circuit verification & tracing - allow for eight circuits | C105: No | D105: 8 | F105: =$D105*E105 -> 0
A106: c) | B106: Traffolyte labelling - allow for eight circuits | C106: No | D106: 8 | F106: =$D106*E106 -> 0
A107: d) | B107: Traffolyte DB labels - allow for DB "Name" and "Fed from…" | C107: Lot | D107: 1 | F107: =$D107*E107 -> 0
A108: e) | B108: DB legend card | C108: No | D108: 1 | F108: =$D108*E108 -> 0
A109: f) | B109: Conduct infrared scan on board on completion of works | C109: Lot | D109: 1 | F109: =$D109*E109 -> 0
A110: g) | B110: Final inspection and testing in preparation for issue of certificate of compliance by master electrician | C110: Lot | D110: 1 | F110: =$D110*E110 -> 0
...

Sheet 12801-BOQ4(SP)
A1: GANYESA HOSPITAL
A2: DEPARTMENT OF HEALTH
A3: BILL OF QUANTITIES - ELECTRICAL
A6: BOQ No.4: Small Power Installations
A8: ITEM | B8: DESCRIPTION | C8: UNIT | D8: QTY | E8: RATE | F8: AMOUNT
F9: =$D9*E9 -> 0
A10: 4.1 | B10: STANDARD REGULATIONS AND CODES OF PRACTICE | F10: =$D10*E10 -> 0
B11: All low voltage electrical small power installation work associated with this project shall be in accordance with the latest SANS Codes of Practice 10142-1 and in conjunction with: | F11: =$D11*E11 -> 0
B12: Occupational Health and Safety Act of 1993 | F12: =$D12*E12 -> 0
B13: Manufacturer’s Specifications and Installation Instructions. | F13: =$D13*E13 -> 0
B14: Industry Standard Good Practices | F14: =$D14*E14 -> 0
A15: 4.2 | B15: POWER & LIGHTING OUTLETS - INSPECTION & TESTING | F15: =$D15*E15 -> 0
B16: Allowance shall be made for the inspection, testing and labelling of all existing and/or new small power and lighting appliance installations, to ensure electrical integrity and compliance. | F16: =$D16*E16 -> 0
B17: All switched socket outlets, switched disconnectors (isolators), luminaires and light switches shall be opened; cleaned out of any debris; terminations checked to ensure sound connection (T-type ferrules to be used) and securely closed. | F17: =$D17*E17 -> 0
B18: All switched socket outlets, switched disconnectors (isolators) and light switches shall be correctly labelled with the distribution board (name) and circuit breaker (number) it is being fed from [i.e. DB...CB…] | F18: =$D18*E18 -> 0
B19: AREA # 01 (Theatres & Maternity Ward) | F19: =$D19*E19 -> 0
A20: 4.2.1 | B20: Theatres 1 & 2 | F20: =$D20*E20 -> 0
B21: a) Open, inspect and test - switched socket outlets | C21: No | D21: 16 | F21: =$D21*E21 -> 0
B22: b) Open, inspect and test - light switches | C22: No | D22: 4 | F22: =$D22*E22 -> 0
B23: c) Open, inspect and test - luminaires | C23: No | D23: 8 | F23: =$D23*E23 -> 0
B24: d) Label - socket outlets / light switches / Isolators | C24: Lot | D24: 1 | F24: =$D24*E24 -> 0
A25: 4.2.2 | B25: Pre-Op & Recovery; Theatre General Areas | F25: =$D25*E25 -> 0
B26: a) Open, inspect and test - switched socket outlets | C26: No | D26: 34 | F26: =$D26*E26 -> 0
B27: b) Open, inspect and test - light switches | C27: No | D27: 27 | F27: =$D27*E27 -> 0
B28: c) Open, inspect and test - luminaires | C28: No | D28: 42 | F28: =$D28*E28 -> 0
B29: d) Label - socket outlets / light switches / Isolators | C29: Lot | D29: 1 | F29: =$D29*E29 -> 0
B30: e) Re-route all light circuits to to UPS supply | C30: Lot | D30: 1 | F30: =$D30*E30 -> 0
A31: 4.2.3 | B31: Maternity Ward | F31: =$D31*E31 -> 0
B32: a) Open, inspect and test - switched socket outlets | C32: No | D32: 18 | F32: =$D32*E32 -> 0
B33: b) Open, inspect and test - light switches | C33: No | D33: 21 | F33: =$D33*E33 -> 0
B34: c) Open, inspect and test - luminaires | C34: No | D34: 42 | F34: =$D34*E34 -> 0
B35: d) Open, inspect and test - bed head units | C35: No | D35: 3 | F35: =$D35*E35 -> 0
B36: e) Open, inspect and test - air-con unit isolators | C36: No | D36: 2 | F36: =$D36*E36 -> 0
B37: f) Supply & install new socket outlet for TV's c/w 20A circuit breaker in DB; conduit, wireways and wiring. | C37: No | D37: 3 | F37: =$D37*E37 -> 0
B38: g) Label - socket outlets / light switches / Isolators | C38: Lot | D38: 1 | F38: =$D38*E38 -> 0
F39: =$D39*E39 -> 0
F40: =$D40*E40 -> 0
F41: =$D41*E41 -> 0
B42: Carried Forward to NEXT PAGE | E42: =SUM(F9:F41) -> 0
A43: ITEM | B43: DESCRIPTION | C43: UNIT | D43: QTY | E43: RATE | F43: AMOUNT
B44: Brought Forward from PREVIOUS PAGE | E44: =E42 -> 0
F45: =$D45*E45 -> 0
A46: 4.2.4 | B46: Maternity Ward - Services | F46: =$D46*E46 -> 0
B47: a) Open, inspect and test - switched socket outlets | C47: No | D47: 9 | F47: =$D47*E47 -> 0
B48: b) Open, inspect and test - light switches | C48: No | D48: 12 | F48: =$D48*E48 -> 0
B49: c) Open, inspect and test - luminaires | C49: No | D49: 24 | F49: =$D49*E49 -> 0
B50: d) Open, inspect and test - air-con unit isolators | C50: No | D50: 2 | F50: =$D50*E50 -> 0
B51: e) Label - socket outlets / light switches / Isolators | C51: Lot | D51: 1 | F51: =$D51*E51 -> 0
A52: 4.2.5 | B52: High Care Unit | F52: =$D52*E52 -> 0
B53: a) Open, inspect and test - switched socket outlets | C53: No | D53: 8 | F53: =$D53*E53 -> 0
B54: b) Open, inspect and test - light switches | C54: No | D54: 3 | F54: =$D54*E54 -> 0
B55: c) Open, inspect and test - luminaires | C55: No | D55: 4 | F55: =$D55*E55 -> 0
B56: d) Open, inspect and test - bed head units | C56: No | D56: 1 | F56: =$D56*E56 -> 0
B57: e) Open, inspect and test - air-con unit isolators | C57: No | D57: 3 | F57: =$D57*E57 -> 0
B58: f) Label - socket outlets / light switches / Isolators | C58: Lot | D58: 1 | F58: =$D58*E58 -> 0
B59: g) Re-route all socket outlet circuits to new UPS DB | C59: Lot | D59: 1 | F59: =$D59*E59 -> 0
B60: h) Re-route all light circuits to new UPS DB | C60: Lot | D60: 1 | F60: =$D60*E60 -> 0
A61: 4.2.6 | B61: Labour Ward | F61: =$D61*E61 -> 0
B62: a) Open, inspect and test - switched socket outlets | C62: No | D62: 6 | F62: =$D62*E62 -> 0
B63: b) Open, inspect and test - light switches | C63: No | D63: 10 | F63: =$D63*E63 -> 0
B64: c) Open, inspect and test - luminaires | C64: No | D64: 18 | F64: =$D64*E64 -> 0
B65: d) Open, inspect and test - bed head units | C65: No | D65: 6 | F65: =$D65*E65 -> 0
B66: e) Open, inspect and test - air-con unit isolators | C66: No | D66: 4 | F66: =$D66*E66 -> 0
B67: f) Supply & install new socket outlet for TV's c/w 20A circuit breaker in DB; conduit, wireways and wiring. | C67: No | D67: 1 | F67: =$D67*E67 -> 0
B68: g) Label - socket outlets / light switches / Isolators | C68: Lot | D68: 1 | F68: =$D68*E68 -> 0
B69: h) Re-route all socket outlet circuits to new UPS DB | C69: Lot | D69: 1 | F69: =$D69*E69 -> 0
B70: i) Re-route all light circuits to new UPS DB | C70: Lot | D70: 1 | F70: =$D70*E70 -> 0
B71: AREA # 02 (Male & Female Wards) | F71: =$D71*E71 -> 0
A72: 4.2.7 | B72: Male Ward | F72: =$D72*E72 -> 0
B73: a) Open, inspect and test - switched socket outlets | C73: No | D73: 6 | F73: =$D73*E73 -> 0
B74: b) Open, inspect and test - light switches | C74: No | D74: 13 | F74: =$D74*E74 -> 0
B75: c) Open, inspect and test - luminaires | C75: No | D75: 22 | F75: =$D75*E75 -> 0
B76: d) Open, inspect and test - bed head units | C76: No | D76: 7 | F76: =$D76*E76 -> 0
B77: e) Open, inspect and test - air-con unit isolators | C77: No | D77: 4 | F77: =$D77*E77 -> 0
B78: f) Supply & install new socket outlet for TV's c/w 20A circuit breaker in DB; conduit, wireways and wiring. | C78: No | D78: 3 | F78: =$D78*E78 -> 0
B79: g) Label - socket outlets / light switches / Isolators | C79: Lot | D79: 1 | F79: =$D79*E79 -> 0
A80: 4.2.8 | B80: Female Ward | F80: =$D80*E80 -> 0
B81: a) Open, inspect and test - switched socket outlets | C81: No | D81: 9 | F81: =$D81*E81 -> 0
B82: b) Open, inspect and test - light switches | C82: No | D82: 18 | F82: =$D82*E82 -> 0
B83: c) Open, inspect and test - luminaires | C83: No | D83: 42 | F83: =$D83*E83 -> 0
B85: Carried Forward to NEXT PAGE | E85: =SUM(F45:F84)+E44 -> 0
A86: ITEM | B86: DESCRIPTION | C86: UNIT | D86: QTY | E86: RATE | F86: AMOUNT
B87: Brought Forward from PREVIOUS PAGE | E87: =E85 -> 0
F88: =$D88*E88 -> 0
B89: d) Open, inspect and test - bed head units | C89: No | D89: 7 | F89: =$D89*E89 -> 0
B90: e) Open, inspect and test - air-con unit isolators | C90: No | D90: 4 | F90: =$D90*E90 -> 0
B91: f) Supply & install new socket outlet for TV's c/w 20A circuit breaker in DB; conduit, wireways and wiring. | C91: No | D91: 3 | F91: =$D91*E91 -> 0
B92: g) Label - socket outlets / light switches / Isolators | C92: Lot | D92: 1 | F92: =$D92*E92 -> 0
B93: AREA # 03 (Pathology / Dispensary) | F93: =$D93*E93 -> 0
A94: 4.2.9 | B94: Pharmacy | F94: =$D94*E94 -> 0
B95: a) Open, inspect and test - switched socket outlets | C95: No | D95: 20 | F95: =$D95*E95 -> 0
B96: b) Open, inspect and test - light switches | C96: No | D96: 16 | F96: =$D96*E96 -> 0
B97: c) Open, inspect and test - luminaires | C97: No | D97: 39 | F97: =$D97*E97 -> 0
B98: d) Open, inspect and test - air-con unit isolators | C98: No | D98: 11 | F98: =$D98*E98 -> 0
B99: e) Label - socket outlets / light switches / Isolators | C99: Lot | D99: 1 | F99: =$D99*E99 -> 0
A100: 4.2.10 | B100: X-Ray Department | F100: =$D100*E100 -> 0
B101: a) Open, inspect and test - switched socket outlets | C101: No | D101: 8 | F101: =$D101*E101 -> 0
B102: b) Open, inspect and test - light switches | C102: No | D102: 9 | F102: =$D102*E102 -> 0
B103: c) Open, inspect and test - luminaires | C103: No | D103: 19 | F103: =$D103*E103 -> 0
B104: d) Open, inspect and test - air-con unit isolators | C104: No | D104: 2 | F104: =$D104*E104 -> 0
...

Sheet 12801-BOQ5(L)
A1: GANYESA HOSPITAL
A2: DEPARTMENT OF HEALTH
A3: BILL OF QUANTITIES - ELECTRICAL
A6: BOQ No.5: Lighting Installations
A8: ITEM | B8: DESCRIPTION | C8: UNIT | D8: QTY | E8: RATE | F8: AMOUNT
A10: 5.1 | B10: STANDARD REGULATIONS AND CODES OF PRACTICE | F10: =E10*$D10 -> 0
B11: All low voltage lighting installation work associated with this project shall be in accordance with the latest SANS Codes of Practice 10142-1 and in conjunction with: | F11: =E11*$D11 -> 0
B12: Occupational Health and Safety Act of 1993
B13: Manufacturer’s Specifications and Installation Instructions.
B14: Industry Standard Good Practices
A15: 5.2 | B15: TENDERED RATES | F15: =E15*$D15 -> 0
B16: The tendered rates used in this bills of quantites shall be applied as follows: | F16: =E16*$D16 -> 0
B17: a) Supply : Tendered rate for the supply of the specified item's measured unit quantity to be installed.
B18: b) Replace : Tendered rate for the supply of the specified item's measured unit quantity to be installed, and shall include full compensation for the removal of the existing item to be replaced.
B19: c) Install : Tendered rate for the installation of the specified item's measured unit quantity.
A20: 5.3 | B20: INDOOR LIGHTING - LUMINAIRES
B21: Supply and installation of luminaires of the Beka-, Philips-, Province Lighting type/s and range/s (c/w lamps), or equivalent and approved. Allow for the mounting onto cable trays, concrete, brickwork, walls and/or ceilings c/w all brackets,supports, conduit boxes, mounting and fixing accessories.
A22: 5.3.1 | B22: Type A
B23: 1200x600; Recessed 3x28W
B24: T5 lamps - Cool White; ECG | F24: =$D24*E24 -> 0
B25: a) Replace | C25: No | D25: 5 | F25: =$D25*E25 -> 0
B26: b) Install | C26: =C25 -> No | D26: 5 | F26: =$D26*E26 -> 0
A27: 5.3.2 | B27: Type B
B28: 1200x600; Recessed 4x28W
B29: T5 lamps - Cool White; ECG | F29: =$D29*E29 -> 0
B30: a) Replace | C30: No | F30: Rate Only
B31: b) Install | C31: =C30 -> No | F31: Rate Only
A32: 5.3.3 | B32: Type C
B33: 1500mm; Surface Open Channel Fluorescent; 1x35W
B34: T5 lamps - Cool White; ECG; Wide Body | F34: =$D34*E34 -> 0
B35: a) Replace | C35: No | D35: 41 | F35: =$D35*E35 -> 0
B36: b) Install | C36: =C35 -> No | D36: 41 | F36: =$D36*E36 -> 0
A37: 5.3.4 | B37: Type D
B38: 1500mm; Surface Open Channel Fluorescent; 2x35W
B39: T5 lamps - Cool White; ECG; Wide Body | F39: =$D39*E39 -> 0
B40: a) Supply | C40: No | D40: 6 | F40: =$D40*E40 -> 0
B41: b) Replace | C41: No | D41: 165 | F41: =$D41*E41 -> 0
B42: c) Install | C42: =C41 -> No | D42: 171 | F42: =$D42*E42 -> 0
B43: Carried Forward to NEXT PAGE | E43: =SUM(F9:F42) -> 0
A44: ITEM | B44: DESCRIPTION | C44: UNIT | D44: QTY | E44: RATE | F44: AMOUNT
B45: Brought Forward from PREVIOUS PAGE | E45: =E43 -> 0
A47: 5.3.5 | B47: Type D1
B48: 1500mm; Surface Open Channel Fluorescent; 2x35W | F48: =$D48*E48 -> 0
B49: T5 lamps - Cool White; ECG; Wide Body; Emergency | F49: =$D49*E49 -> 0
B50: a) Replace | C50: No | D50: 36 | F50: =$D50*E50 -> 0
B51: b) Install | C51: =C50 -> No | D51: 36 | F51: =$D51*E51 -> 0
A52: 5.3.6 | B52: Type E | F52: =$D52*E52 -> 0
B53: 1500mm; Surface Vapour Proof Fluorescent; 2x35W | F53: =$D53*E53 -> 0
B54: T5 lamps - Cool White; ECG; Wide Body | F54: =$D54*E54 -> 0
B55: a) Supply | C55: No | D55: 4 | F55: =$D55*E55 -> 0
B56: b) Replace | C56: No | D56: 12 | F56: =$D56*E56 -> 0
B57: c) Install | C57: =C56 -> No | D57: 16 | F57: =$D57*E57 -> 0
A58: 5.3.7 | B58: Type F | F58: =$D58*E58 -> 0
B59: 1200x600; Surface 4x28W | F59: =$D59*E59 -> 0
B60: T5 lamps - Cool White; ECG | F60: =$D60*E60 -> 0
B61: a) Replace | C61: No | D61: 32 | F61: =$D61*E61 -> 0
B62: b) Install | C62: =C61 -> No | D62: 32 | F62: =$D62*E62 -> 0
A63: 5.3.8 | B63: Type G (New installation above each bed) | F63: =$D63*E63 -> 0
B64: Recessed LED Downlight; Round; 32W | F64: =$D64*E64 -> 0
B65: Opal glass lens; 36°; ECG; 900mA | F65: =$D65*E65 -> 0
B66: (Allow full installation c/w for conduit, wiring & light switch) | F66: =$D66*E66 -> 0
B67: a) Supply | C67: No | D67: 52 | F67: =$D67*E67 -> 0
B68: b) Install | C68: =C67 -> No | D68: 52 | F68: =$D68*E68 -> 0
A69: 5.3.9 | B69: Type H | F69: =$D69*E69 -> 0
B70: Recessed LED Downlight; Round; 18W
B71: Opal glass lens; ECG
B72: a) Replace | C72: No | F72: Rate Only
B73: b) Install | C73: =C72 -> No | F73: Rate Only
A74: 5.3.10 | B74: Type I
B75: Indoor LED Bulkhead; Round; 18W
B76: a) Supply | C76: No | D76: 121 | F76: =$D76*E76 -> 0
B77: b) Replace | C77: No | D77: 50 | F77: =$D77*E77 -> 0
B78: c) Install | C78: =C77 -> No | D78: 171 | F78: =$D78*E78 -> 0
A79: 5.3.11 | B79: Type J
B80: Ceiling LED Pendant; 3x5W
B81: Radiant Lighting - MDY010 (or equivalent and approved)
B82: a) Replace | C82: No | F82: Rate Only
B83: b) Install | C83: =C82 -> No | F83: Rate Only
B89: Carried Forward to NEXT PAGE | E89: =SUM(F46:F88)+E45 -> 0
A90: ITEM | B90: DESCRIPTION | C90: UNIT | D90: QTY | E90: RATE | F90: AMOUNT
B91: Brought Forward from PREVIOUS PAGE | E91: =E89 -> 0
A93: 5.4 | B93: INDOOR LIGHTING - SPECIALIST LUMINAIRES
B94: Supply and installation of operating theatre lighting of the Hutz Medical Luvis range, or equivalent and approved, mounted onto ceilings c/w all brackets, supports, conduit boxes, mounting and fixing accessories.
A95: 5.4.1 | B95: Type SL1
B96: LUVIS M200 Ceiling Theatre Light; LED 48W
B97: 120 000 Lux @ 1000mm; Intensity control (6 step) 40 000 to 120 000 Lux; 4300K; 95 Ra; 500mm head | F97: =$D97*E97 -> 0
B98: a) Supply | C98: No | D98: 2 | F98: =$D98*E98 -> 0
B99: b) Install | C99: =C98 -> No | D99: 2 | F99: =$D99*E99 -> 0
A100: 5.5 | B100: INDOOR LIGHTING - REPAIRS
B101: Repairs to existing faulty luminaires as may be identified on site, inclusive of the removal, supply, re-installation of specified tubes, lamps and ballasts according to the manufacturers instructions.
A102: 5.5.1 | B102: Bed Head Unit - 600mm Fluorescent Tube; 18W | F102: =E102*$D102 -> 0
B103: a) Replace | C103: No | D103: 70 | F103: =$D103*E103 -> 0
B104: b) Install | C104: =C103 -> No | D104: 70 | F104: =$D104*E104 -> 0
A105: 5.5.2 | B105: Bed Head Unit - 1200mm Fluorescent Tube; 36W | F105: =$D105*E105 -> 0
B106: a) Replace | C106: No | D106: 70 | F106: =$D106*E106 -> 0
B107: b) Install | C107: =C106 -> No | D107: 70 | F107: =$D107*E107 -> 0
A108: 5.5.3 | B108: 1200mm Fluorescent Tube; 36W | F108: =$D108*E108 -> 0
B109: a) Replace | C109: No | D109: 119 | F109: =$D109*E109 -> 0
B110: b) Install | C110: =C109 -> No | D110: 119 | F110: =$D110*E110 -> 0
A111: 5.5.4 | B111: 1500mm Fluorescent Tube; 58W | F111: =$D111*E111 -> 0
...

Sheet 12801-BOQ6(NCS)
A1: GANYESA HOSPITAL
A2: DEPARTMENT OF HEALTH
A3: BILL OF QUANTITIES - ELECTRICAL
A6: BOQ No.6: Nurse Call Systems
A8: ITEM | B8: DESCRIPTION | C8: UNIT | D8: QTY | E8: RATE | F8: AMOUNT
A10: 6.1 | B10: STANDARD REGULATIONS AND CODES OF PRACTICE | F10: =E10*$D10 -> 0
B11: All low voltage electrical installation work, pertaining to nurse call systems associated with this project, shall be in accordance with the latest SANS Codes of Practice 10142-1 and in conjunction with: | F11: =E11*$D11 -> 0
B12: Occupational Health and Safety Act of 1993
B13: Manufacturer’s Specifications and Installation Instructions
B14: Industry Standard Good Practices
A15: 6.2 | B15: NURSE CALL SYSTEMS | F15: =$D15*E15 -> 0
B16: The new nurse call systems shall be supplied, installed and commissioned by a Specialist Contractor.
B17: The existing system is a Micro Nursecall Systems type of nurse call system . The new nurse call systems for the planned medical wards shall be of the same type and manufacture, or equivalent and approved. | F17: =$D17*E17 -> 0
A18: 6.3 | B18: SYSTEM INSTALLATION - FEMALE WARD | F18: =$D18*E18 -> 0
B19: Supply, installation, test and commissioning of a nurse call system in conjuction with manufacturers instructions and standard installation good practices, c/w suitable junction boxes, 2x4 and 4x4 adaptors, mounting and fixing accessories. | F19: =$D19*E19 -> 0
A20: 6.3.1 | B20: MM-Mimic Panel | F20: =$D20*E20 -> 0
B21: a) Supply | C21: No | D21: 1 | F21: =$D21*E21 -> 0
B22: b) Install | C22: =C21 -> No | D22: 1 | F22: =$D22*E22 -> 0
A23: 6.3.2 | B23: 24VDC Regulated Power Supply with 4A output rating | F23: =$D23*E23 -> 0
B24: a) Supply | C24: No | D24: 1 | F24: =$D24*E24 -> 0
B25: b) Install | C25: =C24 -> No | D25: 1 | F25: =$D25*E25 -> 0
A26: 6.3.3 | B26: MB-EUB-R (BHU R02 UB4) Round Bedunit with UB4 socket | F26: =$D26*E26 -> 0
B27: a) Supply | C27: No | D27: 20 | F27: =$D27*E27 -> 0
B28: b) Install | C28: =C27 -> No | D28: 20 | F28: =$D28*E28 -> 0
A29: 6.3.4 | B29: MH-PUB (MNS-PP-LED-UB4) Patient Handset unit without TV Control - Pearpush 1.8m cord, moulded UB4 plug + LED Lens | F29: =$D29*E29 -> 0
B30: a) Supply | C30: No | D30: 20 | F30: =$D30*E30 -> 0
B31: b) Install | C31: =C30 -> No | D31: 20 | F31: =$D31*E31 -> 0
A32: 6.3.5 | B32: MW-PLL-4x4 (MSNLPCR) Latching Pullcord unit with led on 4x4 mounting plate | F32: =$D32*E32 -> 0
B33: a) Supply | C33: No | D33: 3 | F33: =$D33*E33 -> 0
B34: b) Install | C34: =C33 -> No | D34: 3 | F34: =$D34*E34 -> 0
A35: 6.3.6 | B35: MW-PBL-C (MSNLBR) Latching Pushbutton with LED, Clip-In | F35: =$D35*E35 -> 0
B36: a) Supply | C36: No | D36: 3 | F36: =$D36*E36 -> 0
B37: b) Install | C37: =C36 -> No | D37: 3 | F37: =$D37*E37 -> 0
B40: Carried Forward to NEXT PAGE | E40: =SUM(F9:F46) -> 0
A41: ITEM | B41: DESCRIPTION | C41: UNIT | D41: QTY | E41: RATE | F41: AMOUNT
B42: Brought Forward from PREVIOUS PAGE | E42: =E40 -> 0
A44: 6.3.7 | B44: MI-ODL-C (MNSODL) Dome shape 4-led overdoor light, Clip-In | F44: =$D44*E44 -> 0
B45: a) Supply | C45: No | D45: 8 | F45: =$D45*E45 -> 0
B46: b) Install | C46: =C45 -> No | D46: 8 | F46: =$D46*E46 -> 0
A47: 6.3.8 | B47: Communication Cable | F47: =$D47*E47 -> 0
B48: a) Supply | C48: M | D48: 700 | F48: =$D48*E48 -> 0
B49: b) Install | C49: =C48 -> M | D49: 700 | F49: =$D49*E49 -> 0
F50: =$D50*E50 -> 0
A51: 6.4 | B51: SYSTEM INSTALLATION - MALE WARD | F51: =$D51*E51 -> 0
B52: Supply, installation, test and commissioning of a nurse call system in conjuction with manufacturers instructions and standard installation good practices, c/w suitable junction boxes, 2x4 and 4x4 adaptors, mounting and fixing accessories. | F52: =$D52*E52 -> 0
A53: 6.4.1 | B53: MM-Mimic Panel | F53: =$D53*E53 -> 0
B54: a) Supply | C54: No | D54: 1 | E54: =E21 -> 0 | F54: =$D54*E54 -> 0
B55: b) Install | C55: =C54 -> No | D55: 1 | E55: =E22 -> 0 | F55: =$D55*E55 -> 0
A56: 6.4.2 | B56: 24VDC Regulated Power Supply with 4A output rating | E56: =E23 -> 0 | F56: =$D56*E56 -> 0
B57: a) Supply | C57: No | D57: 1 | E57: =E24 -> 0 | F57: =$D57*E57 -> 0
B58: b) Install | C58: =C57 -> No | D58: 1 | E58: =E25 -> 0 | F58: =$D58*E58 -> 0
A59: 6.4.3 | B59: MB-EUB-R (BHU R02 UB4) Round Bedunit with UB4 socket | E59: =E29 -> 0 | F59: =$D59*E59 -> 0
B60: a) Supply | C60: No | D60: 24 | E60: =E30 -> 0 | F60: =$D60*E60 -> 0
B61: b) Install | C61: =C60 -> No | D61: 24 | E61: =E31 -> 0 | F61: =$D61*E61 -> 0
A62: 6.4.4 | B62: MH-PUB (MNS-PP-LED-UB4) Patient Handset unit without TV Control - Pearpush 1.8m cord, moulded UB4 plug + LED Lens | E62: =E26 -> 0 | F62: =$D62*E62 -> 0
B63: a) Supply | C63: No | D63: 24 | E63: =E27 -> 0 | F63: =$D63*E63 -> 0
B64: b) Install | C64: =C63 -> No | D64: 24 | E64: =E28 -> 0 | F64: =$D64*E64 -> 0
A65: 6.4.5 | B65: MW-PLL-4x4 (MSNLPCR) Latching Pullcord unit with led on 4x4 mounting plate | E65: =E32 -> 0 | F65: =$D65*E65 -> 0
B66: a) Supply | C66: No | D66: 3 | E66: =E33 -> 0 | F66: =$D66*E66 -> 0
B67: b) Install | C67: =C66 -> No | D67: 3 | E67: =E34 -> 0 | F67: =$D67*E67 -> 0
A68: 6.4.6 | B68: MW-PBL-C (MSNLBR) Latching Pushbutton with LED, Clip-In | E68: =E35 -> 0 | F68: =$D68*E68 -> 0
B69: a) Supply | C69: No | D69: 3 | E69: =E36 -> 0 | F69: =$D69*E69 -> 0
B70: b) Install | C70: =C69 -> No | D70: 3 | E70: =E37 -> 0 | F70: =$D70*E70 -> 0
A71: 6.4.7 | B71: MI-ODL-C (MNSODL) Dome shape 4-led overdoor light, Clip-In | E71: =E44 -> 0 | F71: =$D71*E71 -> 0
B72: a) Supply | C72: No | D72: 8 | E72: =E45 -> 0 | F72: =$D72*E72 -> 0
B73: b) Install | C73: =C72 -> No | D73: 8 | E73: =E46 -> 0 | F73: =$D73*E73 -> 0
A74: 6.4.8 | B74: Communication Cable | F74: =$D74*E74 -> 0
B75: a) Supply | C75: M | D75: 840 | F75: =$D75*E75 -> 0
B76: b) Install | C76: =C75 -> M | D76: 840 | F76: =$D76*E76 -> 0
B78: Carried Forward to NEXT PAGE | E78: =SUM(F43:F77)+E42 -> 0
A79: ITEM | B79: DESCRIPTION | C79: UNIT | D79: QTY | E79: RATE | F79: AMOUNT
B80: Brought Forward from PREVIOUS PAGE | E80: =E78 -> 0
A82: 6.5 | B82: SYSTEM INSTALLATION - MATERNITY WARD | F82: =$D82*E82 -> 0
B83: Supply, installation, test and commissioning of a nurse call system in conjuction with manufacturers instructions and standard installation good practices, c/w suitable junction boxes, 2x4 and 4x4 adaptors, mounting and fixing accessories. | F83: =$D83*E83 -> 0
A84: 6.5.1 | B84: MM-Mimic Panel | F84: =$D84*E84 -> 0
B85: a) Supply | C85: No | D85: 1 | E85: =E67 -> 0 | F85: =$D85*E85 -> 0
B86: b) Install | C86: =C85 -> No | D86: 1 | E86: =E68 -> 0 | F86: =$D86*E86 -> 0
A87: 6.5.2 | B87: 24VDC Regulated Power Supply with 4A output rating | E87: =E69 -> 0 | F87: =$D87*E87 -> 0
B88: a) Supply | C88: No | D88: 1 | E88: =E70 -> 0 | F88: =$D88*E88 -> 0
B89: b) Install | C89: =C88 -> No | D89: 1 | E89: =E71 -> 0 | F89: =$D89*E89 -> 0
A90: 6.5.3 | B90: MB-EUB-R (BHU R02 UB4) Round Bedunit with UB4 socket | E90: =E59 -> 0 | F90: =$D90*E90 -> 0
B91: a) Supply | C91: No | D91: 20 | E91: =E60 -> 0 | F91: =$D91*E91 -> 0
B92: b) Install | C92: =C91 -> No | D92: 20 | E92: =E61 -> 0 | F92: =$D92*E92 -> 0
A93: 6.5.4 | B93: MH-PUB (MNS-PP-LED-UB4) Patient Handset unit without TV Control - Pearpush 1.8m cord, moulded UB4 plug + LED Lens | E93: =E62 -> 0 | F93: =$D93*E93 -> 0
B94: a) Supply | C94: No | D94: 20 | E94: =E63 -> 0 | F94: =$D94*E94 -> 0
B95: b) Install | C95: =C94 -> No | D95: 20 | E95: =E64 -> 0 | F95: =$D95*E95 -> 0
A96: 6.5.5 | B96: MW-PLL-4x4 (MSNLPCR) Latching Pullcord unit with led on 4x4 mounting plate | E96: =E65 -> 0 | F96: =$D96*E96 -> 0
B97: a) Supply | C97: No | D97: 3 | E97: =E66 -> 0 | F97: =$D97*E97 -> 0
B98: b) Install | C98: =C97 -> No | D98: 3 | E98: =E67 -> 0 | F98: =$D98*E98 -> 0
A99: 6.5.6 | B99: MW-PBL-C (MSNLBR) Latching Pushbutton with LED, Clip-In | E99: =E68 -> 0 | F99: =$D99*E99 -> 0
B100: a) Supply | C100: No | D100: 3 | E100: =E69 -> 0 | F100: =$D100*E100 -> 0
B101: b) Install | C101: =C100 -> No | D101: 3 | E101: =E70 -> 0 | F101: =$D101*E101 -> 0
A102: 6.5.7 | B102: MI-ODL-C (MNSODL) Dome shape 4-led overdoor light, Clip-In | E102: =E71 -> 0 | F102: =$D102*E102 -> 0
B103: a) Supply | C103: No | D103: 8 | E103: =E72 -> 0 | F103: =$D103*E103 -> 0
B104: b) Install | C104: =C103 -> No | D104: 8 | E104: =E73 -> 0 | F104: =$D104*E104 -> 0
A105: 6.5.8 | B105: Communication Cable | F105: =$D105*E105 -> 0
B106: a) Supply | C106: M | D106: 700 | F106: =$D106*E106 -> 0
B107: b) Install | C107: =C106 -> M | D107: 700 | F107: =$D107*E107 -> 0
A108: 6.6 | B108: TESTING & COMMISSIONING | F108: =$D108*E108 -> 0
A109: 6.6.1 | B109: Inspections, testing and commissioning of each individual nursecall system. | C109: No | D109: 3 | F109: =$D109*E109 -> 0
...

Sheet 12801-BOQ7(SLP)
A1: GANYESA HOSPITAL
A2: DEPARTMENT OF HEALTH
A3: BILL OF QUANTITIES - ELECTRICAL
A6: BOQ No.7: Surge & Lightning Protection (SLP)
A8: ITEM | B8: DESCRIPTION | C8: UNIT | D8: QTY | E8: RATE | F8: AMOUNT
F9: =$D9*E9 -> 0
A10: 7.1 | B10: CODES OF PRACTICE | F10: =$D10*E10 -> 0
B11: The Surge & Lightning Protection System shall be designed and installed by a Specialist Contractor, in accordance with the latest SANS Codes of Practice 10313 (2012) and in conjunction with: | F11: =$D11*E11 -> 0
B12: SANS 62305-1-2-3-4:2011 (IEC 62305-1-2-3-4:2010) | F12: =$D12*E12 -> 0
B13: SANS 10199 (2016) | F13: =$D13*E13 -> 0
B14: SANS 1063 (2015) | F14: =$D14*E14 -> 0
B15: SANS 62561:1-7:2013. | F15: =$D15*E15 -> 0
F16: =$D16*E16 -> 0
A17: 7.2 | B17: RISK ASSESSMENT & SOIL RESISTIVITY TEST | F17: =$D17*E17 -> 0
A18: 7.2.1 | B18: Conduct a Risk Assessment in terms of SANS 62305-2 and compile subsequent report. | C18: Lot | D18: 1 | F18: =$D18*E18 -> 0
A19: 7.2.2 | B19: Conduct a Soil Resistivity test on site and compile subsequent report. | C19: Lot | D19: 1 | F19: =$D19*E19 -> 0
A21: 7.3 | B21: SYSTEM INSTALLATION | F21: =$D21*E21 -> 0
B22: Supply, installation, test and commissioning of SLP system in conjuction with the above codes of practice, risk assessment and soil resisitivity tests. | F22: =$D22*E22 -> 0
B23: All related safety files, accommodation and travelling costs shall be allowed for in the supply and installation per unit rates.
B25: Air Termination System (ATS) | F25: =$D25*E25 -> 0
B26: The air-termination system will be installed to prevent lightning strikes from damaging the building by intercepting the lightning strike and preventing penetration into the the protected space. | F26: =$D26*E26 -> 0
A27: 7.3.1 | B27: (DEHN 840018) 8mm aluminium round wire secured in holders | F27: =$D27*E27 -> 0
B28: a) Supply & Install | C28: M | D28: 100 | F28: =$D28*E28 -> 0
A29: 7.3.2 | B29: Surface mounted (DEHN 207109) conductor holder with 1m spacing | F29: =$D29*E29 -> 0
B30: a) Supply & Install | C30: No | D30: 100 | F30: =$D30*E30 -> 0
A31: 7.3.3 | B31: (DEHN 103410) 1500mm mast | F31: =$D31*E31 -> 0
B32: a) Supply & Install | C32: No | D32: 8 | F32: =$D32*E32 -> 0
A33: 7.3.4 | B33: (DEHN 274260) Rod holders for wall mounted masts | F33: =$D33*E33 -> 0
B34: a) Supply & Install | C34: No | D34: 16 | F34: =$D34*E34 -> 0
B35: Down Conductor System (DCS) | F35: =$D35*E35 -> 0
B36: The down-conductor system will be installed surface mounted and secured to the wall every 1m with conductor holder, to safely conduct the lightning current from the ATS to the ETS without damaging the building. | F36: =$D36*E36 -> 0
A37: 7.3.5 | B37: (DEHN 840018) 8mm aluminium round wire secured in holders | F37: =$D37*E37 -> 0
B38: a) Supply & Install | C38: M | D38: 420 | F38: =$D38*E38 -> 0
B41: Carried Forward to NEXT PAGE | E41: =SUM(F9:F40) -> 0
A42: ITEM | B42: DESCRIPTION | C42: UNIT | D42: QTY | E42: RATE | F42: AMOUNT
B43: Brought Forward from PREVIOUS PAGE | E43: =E41 -> 0
A45: 7.3.6 | B45: Surface mounted (DEHN 207109) conductor holder with 1m spacing | F45: =$D45*E45 -> 0
B46: a) Supply & Install | C46: No | D46: 420 | F46: =$D46*E46 -> 0
A47: 7.3.7 | B47: (DEHN 377100) clamp to connect to steel sheeting | F47: =$D47*E47 -> 0
B48: a) Supply & Install | C48: No | D48: 120 | F48: =$D48*E48 -> 0
A49: 7.3.8 | B49: (DEHN 459219) UNI disconnecting clamp for connection between DCS and ETS | F49: =$D49*E49 -> 0
B50: a) Supply & Install | C50: No | D50: 120 | F50: =$D50*E50 -> 0
B51: Earth Termination System (ETS) | F51: =$D51*E51 -> 0
B52: Type-A earthing arrangement will be installed 500mm below final ground level and 1m away from building / structure, to safely dissipate the lightning current into the ground. | F52: =$D52*E52 -> 0
A53: 7.3.9 | B53: 20mm galvinised counduit c/w with saddle clamps | F53: =$D53*E53 -> 0
B54: a) Supply & Install | C54: M | D54: 250 | F54: =$D54*E54 -> 0
A55: 7.3.10 | B55: (DEHN 832050) 50mm² insulated copper wire for connection between disconnection clamp and earth spike | F55: =$D55*E55 -> 0
B56: a) Supply & Install | C56: M | D56: 250 | F56: =$D56*E56 -> 0
A57: 7.3.11 | B57: (DEHN 614150) 1500mm SABS Grade A earth spike, M16 | F57: =$D57*E57 -> 0
B58: a) Supply & Install | C58: No | D58: 240 | F58: =$D58*E58 -> 0
A59: 7.3.12 | B59: (DEHN 610101) clamp for the connection between the BCEW and the earth spike | F59: =$D59*E59 -> 0
B60: a) Supply & Install | C60: No | D60: 120 | F60: =$D60*E60 -> 0
A61: 7.3.13 | B61: Test Plate | F61: =$D61*E61 -> 0
B62: a) Supply & Install | C62: No | D62: 120 | F62: =$D62*E62 -> 0
A63: 7.3.14 | B63: Chasing in brick and/or concrete | F63: =$D63*E63 -> 0
B64: a) Supply & Install | C64: M | D64: 120 | F64: =$D64*E64 -> 0
A65: 7.3.15 | B65: Making good of above chasing work in brick and/or concrete | F65: =$D65*E65 -> 0
B66: a) Supply & Install | C66: M | D66: 120 | F66: =$D66*E66 -> 0
B67: Excavation work pertaining to the earthing system c/w final backfilling and compaction | F67: =$D67*E67 -> 0
B68: Note: Contractor to make own assesment of % picable/soft rock/hardrock. (Rate per running meter) | F68: =$D68*E68 -> 0
A69: 7.3.16 | B69: Excavation 250mm wide / 500mm deep | C69: M | D69: 120 | F69: =$D69*E69 -> 0
B70: Equipotential Bonding System (EBS) | F70: =$D70*E70 -> 0
B71: Providing equipotential bonding points for metal installations and internal systems to prevent dangerous sparking inside the structure. | F71: =$D71*E71 -> 0
A72: 7.3.17 | B72: (DEHN 563201) equipotential busbar | F72: =$D72*E72 -> 0
B73: a) Supply & Install | C73: No | D73: 20 | F73: =$D73*E73 -> 0
A74: 7.3.18 | B74: Equipotential busbar labelling | F74: =$D74*E74 -> 0
B75: a) Supply & Install | C75: No | D75: 20 | F75: =$D75*E75 -> 0
B77: Carried Forward to NEXT PAGE | E77: =SUM(F44:F76)+E43 -> 0
A78: ITEM | B78: DESCRIPTION | C78: UNIT | D78: QTY | E78: RATE | F78: AMOUNT
B79: Brought Forward from PREVIOUS PAGE | E79: =E77 -> 0
A81: 7.3.19 | B81: (DEHN 833050) 50mm² insulated copper cable for connection between fixed terminal and equipotential busbar | F81: =$D81*E81 -> 0
B82: a) Supply & Install | C82: M | D82: 300 | F82: =$D82*E82 -> 0
B83: Excavation work pertaining to the equipotential bonding system from SLP to Main Distribution Board c/w final backfilling and compaction | F83: =$D83*E83 -> 0
B84: Note: Contractor to make own assesment of % picable/soft rock/hardrock. (Rate per running meter) | F84: =$D84*E84 -> 0
A85: 7.3.20 | B85: Excavation 250mm wide / 500mm deep | C85: M | D85: 300 | F85: =$D85*E85 -> 0
F86: =$D86*E86 -> 0
A87: 7.4 | B87: TESTING & COMMISSIONING | F87: =$D87*E87 -> 0
A88: 7.4.1 | B88: Inspections, testing and commissioning of the complete SLP system in conjuction with the above codes of practice. | C88: Lot | D88: 1 | F88: =$D88*E88 -> 0
A89: 7.4.2 | B89: Certificate of Compliance as per SANS 10142 for the complete SLP system. | C89: Lot | D89: 1 | F89: =$D89*E89 -> 0
A90: 7.4.3 | B90: Handing over of commissioned works and a comprehensive "As-built" Data Pack : Three (3) hard copies in A4-sized binders and one (1) soft copy on Disc. | C90: Lot | D90: 3 | F90: =$D90*E90 -> 0
F91: =$D91*E91 -> 0
A92: 7.5 | B92: MISCELLANEOUS | F92: =$D92*E92 -> 0
A93: 7.5.1 | B93: Specialist Contractor - Health & Safety File | C93: Lot | D93: 1 | F93: =$D93*E93 -> 0
A94: 7.5.2 | B94: Specialist Contractor - Travelling & accommodation | C94: Lot | D94: 1 | F94: =$D94*E94 -> 0
F95: =$D95*E95 -> 0
F113: =E113*$D113 -> 0
A114: CARRIED FORWARD TO ITEM 7 - SUMMARY FOR BILLS OF QUANTITIES | E114: =SUM(F80:F113)+E79 -> 0

Sheet 12801-BOQ8(SGen)
A1: GANYESA HOSPITAL
A2: DEPARTMENT OF HEALTH
A3: BILL OF QUANTITIES - ELECTRICAL
A6: BOQ No.8: Emergency Power
A8: ITEM | B8: DESCRIPTION | C8: UNIT | D8: QTY | E8: RATE | F8: AMOUNT
A10: 8.1 | B10: STANDARD REGULATIONS AND CODES OF PRACTICE | F10: =E10*$D10 -> 0
B11: All low voltage electrical installation work, pertaining to standby generator systems associated with this project, shall be in accordance with the latest SANS Codes of Practice 10142-1 and in conjunction with: | F11: =E11*$D11 -> 0
B12: Occupational Health and Safety Act of 1993
B13: Manufacturer’s Specifications and Installation Instructions.
B14: Industry Standard Good Practices
A15: 8.2 | B15: STANDBY DIESEL GENERATOR MAINTENANCE SERVICE | F15: =E15*$D15 -> 0 | I15: `
B16: The tendered rate shall include full compensation for the on-site annual maintenance service of the existing 250KVA 400V Gen-Tek standby diesel generator set. | F16: =E16*$D16 -> 0
B17: Note: There are no service records for the existing generator. | F17: =E17*$D17 -> 0
B18: The maintenance service shall include for all labour, materials, spares, consumables and first-fill of diesel. The major service shall be conducted and commissioned in conjunction with Item 3.3.4 of Bill No.3 (servicing of DB-Gen) | F18: =E18*$D18 -> 0
B19: The maintenance service shall allow for the following (as a minimum): | F19: =E19*$D19 -> 0
B20: a) Change of all filters | F20: =E20*$D20 -> 0
B21: b) Oil changed | F21: =E21*$D21 -> 0
B22: c) Belts checked | F22: =E22*$D22 -> 0
B23: d) Battery checked | F23: =E23*$D23 -> 0
B24: e) Water and coolant checked | F24: =E24*$D24 -> 0
B25: f) Engine cleaned & checked for leaks
B26: g) Alternator cleaned
B27: h) Inspect/check all alternator output connections
B28: i) Inspect all components and cubicle
B29: j) Inspect all wiring and terminals
B30: k) Flush and re-fill daily service fuel tank
B31: l) Load tested on site
B32: m) Controllers programmed
B33: The Tenderer shall ensure that the generator set is fully operational on completion of the maintenance service. | F33: =E33*$D33 -> 0
B34: The Tenderer shall allow for on-site maintenance servicing of the generator set for a further 12-month period from date of works completion and hand-over to Client. | F34: =E34*$D34 -> 0
A35: 8.2.1 | B35: Generator Maintenance Service | C35: Lot | D35: 1 | F35: =E35*(ROUNDUP($D35,0)) -> 0
A36: 8.2.2 | B36: Twelve (12) month guarantee period from date of works completion and hand-over to Client. | C36: Lot | D36: 1 | F36: =E36*(ROUNDUP($D36,0)) -> 0
A37: 8.2.3 | B37: 6-Monthly maintenance services of the generator set during the twelve (12) months guarantee period | C37: Lot | D37: 1 | F37: =E37*(ROUNDUP($D37,0)) -> 0
F38: =E38*$D38 -> 0
A39: CARRIED FORWARD TO ITEM 8 - SUMMARY FOR BILLS OF QUANTITIES | E39: =SUM(F9:F38) -> 0

Sheet 12801-BOQ9(HVAC)
A1: GANYESA HOSPITAL
A2: DEPARTMENT OF HEALTH
A3: BILL OF QUANTITIES - ELECTRICAL
A6: BOQ No.9: HVAC
A8: ITEM | B8: DESCRIPTION | C8: UNIT | D8: QTY | E8: RATE | F8: AMOUNT
A10: 9.1 | B10: STANDARD REGULATIONS AND CODES OF PRACTICE | F10: =E10*$D10 -> 0
B11: All low voltage electrical installation work, pertaining to the mechanical engineering systems associated with this project, shall be in accordance with the latest SANS Codes of Practice 10142-1 and in conjunction with: | F11: =E11*$D11 -> 0
B12: Occupational Health and Safety Act of 1993
B13: Manufacturer’s Specifications and Installation Instructions
B14: Industry Standard Good Practices
A15: 9.2 | B15: HVAC SYSTEMS | F15: =$D15*E15 -> 0
B16: Supply, installation, test and commissioning of LV small power distribution and cable work associated with new mechanical HVAC systems; and in conjuction with the Mechanical Engineer's design requirements. | F16: =$D16*E16 -> 0
A17: 9.3 | B17: DISTRIBUTION SWITCHBOARDS
B18: New enclosures shall be powder coated, have a minimum IP35 rating (indoors), IP65 rating (outdoors) and be c/w steelwork, frames, sub-frames, chassis, covers and lockable doors.
B19: New distribution switchboards shall be of the specified enclosure, factory equipped and wired c/w power and control switchgear, busbars, internal wiring, auxillary equipment, fixing accessories, labelling, signage and allowance for 30% spare capacity.
B20: All new low voltage switchgear required to be installed, in existing and/or new distribution board enclosures, shall be of the CBI range, or equivalent and approved.
A21: 9.3.1 | B21: DB-HVAC 1 (Maternity Ward) | F21: =E21*D21 -> 0
B22: Indoor * Surface Wall * Front Access * Bottom/Top Entry | F22: =E22*D22 -> 0
A23: (a) | B23: Design, manufacture, supply and delivery to site c/w the supply and equipping of associated switchgear, as tabled below: | C23: No | D23: 1 | F23: =$D23*E23 -> 0
B24: 1 off DEHNguard DG M TT 275 Surge Arrester | F24: =$D24*E24 -> 0
B25: 1 off 125A * 3-Pole Isolator * Mains Disconnector | F25: =$D25*E25 -> 0
B26: 4 off 20A * 3-Pole Circuit Breaker * 10kA | F26: =$D26*E26 -> 0
B27: 17 off 20A * 1-Pole Circuit Breaker * 10kA | F27: =$D27*E27 -> 0
B28: 14 off 15A * 1-Pole Circuit Breaker * 10kA | F28: =$D28*E28 -> 0
A29: (b) | B29: Factory Acceptance Tests (FAT). | C29: No | D29: =D23 -> 1 | F29: =$D29*E29 -> 0
A30: (c) | B30: Install new distribution board in position; connect all incoming supply and outgoing feeder cables and make good for commissioning. | C30: No | D30: =D23 -> 1 | F30: =$D30*E30 -> 0
A31: (d) | B31: Labelling, signage of complete installation. | C31: No | D31: =D23 -> 1 | F31: =$D31*E31 -> 0
A32: (e) | B32: Commissioning and Site Acceptance Tests (SAT) | C32: No | D32: =D23 -> 1 | F32: =$D32*E32 -> 0
F33: =$D33*E33 -> 0
F34: =$D34*E34 -> 0
B37: Carried Forward to NEXT PAGE | E37: =SUM(F9:F36) -> 0
A38: ITEM | B38: DESCRIPTION | C38: UNIT | D38: QTY | E38: RATE | F38: AMOUNT
B39: Brought Forward from PREVIOUS PAGE | E39: =E37 -> 0
A41: 9.3.2 | B41: DB-HVAC 2 (Female & Male Wards) | F41: =E41*D41 -> 0
B42: Indoor * Surface Wall * Front Access * Bottom/Top Entry | F42: =E42*D42 -> 0
A43: (a) | B43: Design, manufacture, supply and delivery to site c/w the supply and installation of associated switchgear, as tabled below: | C43: No | D43: 1 | F43: =$D43*E43 -> 0
B44: 1 off DEHNguard DG M TT 275 Surge Arrester | F44: =$D44*E44 -> 0
B45: 1 off 160A * 3-Pole Isolator * Mains Disconnector | F45: =$D45*E45 -> 0
B46: 6 off 20A * 3-Pole Circuit Breaker * 10kA | F46: =$D46*E46 -> 0
B47: 6 off 20A * 1-Pole Circuit Breaker * 10kA | F47: =$D47*E47 -> 0
B48: 14 off 15A * 1-Pole Circuit Breaker * 10kA | F48: =$D48*E48 -> 0
A49: (b) | B49: Factory Acceptance Tests (FAT). | C49: No | D49: =D43 -> 1 | F49: =$D49*E49 -> 0
A50: (c) | B50: Install new distribution board in position; connect all incoming supply and outgoing feeder cables and make good for commissioning. | C50: No | D50: =D43 -> 1 | F50: =$D50*E50 -> 0
A51: (d) | B51: Labelling, signage of complete installation. | C51: No | D51: =D43 -> 1 | F51: =$D51*E51 -> 0
A52: (e) | B52: Commissioning and Site Acceptance Tests (SAT) | C52: No | D52: =D43 -> 1 | F52: =$D52*E52 -> 0
A53: 9.3.3 | B53: DB-HVAC 3 (Pharmacy) | F53: =$D53*E53 -> 0
B54: Indoor * Surface Wall * Front Access * Bottom/Top Entry | F54: =$D54*E54 -> 0
A55: (a) | B55: Design, manufacture, supply and delivery to site c/w the supply and installation of associated switchgear, as tabled below: | C55: No | D55: 1 | F55: =$D55*E55 -> 0
B56: 1 off DEHNguard DG M TT 275 Surge Arrester | F56: =$D56*E56 -> 0
B57: 1 off 100A * 3-Pole Isolator * Mains Disconnector | F57: =$D57*E57 -> 0
B58: 4 off 20A * 3-Pole Circuit Breaker * 10kA | F58: =$D58*E58 -> 0
B59: 12 off 20A * 1-Pole Circuit Breaker * 10kA | F59: =$D59*E59 -> 0
B60: 6 off 15A * 1-Pole Circuit Breaker * 10kA | F60: =$D60*E60 -> 0
A61: (b) | B61: Factory Acceptance Tests (FAT). | C61: No | D61: =D55 -> 1 | F61: =$D61*E61 -> 0
A62: (c) | B62: Install new distribution board in position; connect all incoming supply and outgoing feeder cables and make good for commissioning. | C62: No | D62: =D55 -> 1 | F62: =$D62*E62 -> 0
A63: (d) | B63: Labelling, signage of complete installation. | C63: No | D63: =D55 -> 1 | F63: =$D63*E63 -> 0
A64: (e) | B64: Commissioning and Site Acceptance Tests (SAT) | C64: No | D64: =D55 -> 1 | F64: =$D64*E64 -> 0
A65: 9.3.4 | B65: DB-HVAC 4 (Casualty) | F65: =$D65*E65 -> 0
B66: Indoor * Surface Wall * Front Access * Bottom/Top Entry | F66: =$D66*E66 -> 0
A67: (a) | B67: Design, manufacture, supply and delivery to site c/w the supply and installation of associated switchgear, as tabled below: | C67: No | D67: 1 | F67: =$D67*E67 -> 0
B68: 1 off DEHNguard DG M TT 275 Surge Arrester | F68: =$D68*E68 -> 0
B69: 1 off 100A * 3-Pole Isolator * Mains Disconnector | F69: =$D69*E69 -> 0
B70: 1 off 20A * 3-Pole Circuit Breaker * 10kA | F70: =$D70*E70 -> 0
B71: 18 off 20A * 1-Pole Circuit Breaker * 10kA | F71: =$D71*E71 -> 0
B72: 12 off 15A * 1-Pole Circuit Breaker * 10kA | F72: =$D72*E72 -> 0
A73: (b) | B73: Factory Acceptance Tests (FAT). | C73: No | D73: =D67 -> 1 | F73: =$D73*E73 -> 0
B75: Carried Forward to NEXT PAGE | E75: =SUM(F40:F74)+E39 -> 0
A76: ITEM | B76: DESCRIPTION | C76: UNIT | D76: QTY | E76: RATE | F76: AMOUNT
B77: Brought Forward from PREVIOUS PAGE | E77: =E75 -> 0
A79: (c) | B79: Install new distribution board in position; connect all incoming supply and outgoing feeder cables and make good for commissioning. | C79: No | D79: =D67 -> 1 | F79: =$D79*E79 -> 0
A80: (d) | B80: Labelling, signage of complete installation. | C80: No | D80: =D67 -> 1 | F80: =$D80*E80 -> 0
A81: (e) | B81: Commissioning and Site Acceptance Tests (SAT) | C81: No | D81: =D67 -> 1 | F81: =$D81*E81 -> 0
A82: 9.3.5 | B82: DB-HVAC 5 (Administration) | F82: =$D82*E82 -> 0
B83: Indoor * Surface Wall * Front Access * Bottom/Top Entry | F83: =$D83*E83 -> 0
A84: (a) | B84: Design, manufacture, supply and delivery to site c/w the supply and installation of associated switchgear, as tabled below: | C84: No | D84: 1 | F84: =$D84*E84 -> 0
B85: 1 off DEHNguard DG M TT 275 Surge Arrester | F85: =$D85*E85 -> 0
B86: 1 off 100A * 3-Pole Isolator * Mains Disconnector | F86: =$D86*E86 -> 0
B87: 16 off 20A * 1-Pole Circuit Breaker * 10kA | F87: =$D87*E87 -> 0
B88: 4 off 15A * 1-Pole Circuit Breaker * 10kA | F88: =$D88*E88 -> 0
A89: (b) | B89: Factory Acceptance Tests (FAT). | C89: No | D89: =D84 -> 1 | F89: =$D89*E89 -> 0
A90: (c) | B90: Install new distribution board in position; connect all incoming supply and outgoing feeder cables and make good for commissioning. | C90: No | D90: =D84 -> 1 | F90: =$D90*E90 -> 0
A91: (d) | B91: Labelling, signage of complete installation. | C91: No | D91: =D84 -> 1 | F91: =$D91*E91 -> 0
A92: (e) | B92: Commissioning and Site Acceptance Tests (SAT) | C92: No | D92: =D84 -> 1 | F92: =$D92*E92 -> 0
A93: 9.3.6 | B93: DB-HVAC 6 (Outpatient Department) | F93: =$D93*E93 -> 0
B94: Indoor * Surface Wall * Front Access * Bottom/Top Entry | F94: =$D94*E94 -> 0
A95: (a) | B95: Design, manufacture, supply and delivery to site c/w the supply and installation of associated switchgear, as tabled below: | C95: No | D95: 1 | F95: =$D95*E95 -> 0
B96: 1 off DEHNguard DG M TT 275 Surge Arrester | F96: =$D96*E96 -> 0
B97: 1 off 125A * 3-Pole Isolator * Mains Disconnector | F97: =$D97*E97 -> 0
B98: 2 off 20A * 3-Pole Circuit Breaker * 10kA | F98: =$D98*E98 -> 0
B99: 29 off 20A * 1-Pole Circuit Breaker * 10kA | F99: =$D99*E99 -> 0
B100: 5 off 15A * 1-Pole Circuit Breaker * 10kA | F100: =$D100*E100 -> 0
A101: (b) | B101: Factory Acceptance Tests (FAT). | C101: No | D101: =D95 -> 1 | F101: =$D101*E101 -> 0
A102: (c) | B102: Install new distribution board in position; connect all incoming supply and outgoing feeder cables and make good for commissioning. | C102: No | D102: =D95 -> 1 | F102: =$D102*E102 -> 0
A103: (d) | B103: Labelling, signage of complete installation. | C103: No | D103: =D95 -> 1 | F103: =$D103*E103 -> 0
A104: (e) | B104: Commissioning and Site Acceptance Tests (SAT) | C104: No | D104: =D95 -> 1 | F104: =$D104*E104 -> 0
F105: =$D105*E105 -> 0
F106: =$D106*E106 -> 0
F107: =$D107*E107 -> 0
F108: =$D108*E108 -> 0
F109: =$D109*E109 -> 0
...

Sheet 12801-BOQ10(FirePump)
A1: GANYESA HOSPITAL
A2: DEPARTMENT OF HEALTH
A3: BILL OF QUANTITIES - ELECTRICAL
A6: BOQ No.10: Fire Water Pump & Plant Building
A8: ITEM | B8: DESCRIPTION | C8: UNIT | D8: QTY | E8: RATE | F8: AMOUNT
A10: 10.1 | B10: STANDARD REGULATIONS AND CODES OF PRACTICE | F10: =E10*$D10 -> 0
B11: All low voltage electrical installation work, pertaining to the mechanical engineering systems associated with this project, shall be in accordance with the latest SANS Codes of Practice 10142-1 and in conjunction with: | F11: =E11*$D11 -> 0
B12: Occupational Health and Safety Act of 1993
B13: Manufacturer’s Specifications and Installation Instructions
B14: Industry Standard Good Practices
F15: =$D15*E15 -> 0
F16: =$D16*E16 -> 0
F21: =E21*D21 -> 0
F22: =E22*D22 -> 0
F23: =$D23*E23 -> 0
E38: =SUM(F9:F37) -> 0

Sheet 12801-Summary Electronic
A1: GANYESA HOSPITAL
A2: DEPARTMENT OF HEALTH
A3: BILL OF QUANTITIES
A6: SUMMARY FOR BILLS OF QUANTITIES : ELECTRONIC SERVICES
A8: ITEM | B8: DESCRIPTION | C8: AMOUNT
A9: 1 | B9: BILL E1: UPS | C9: ='12801-BOQE1(UPS)'!E34 -> 0
A10: 2 | B10: BILL E2: CCTV | C10: ='12801-BOQE2(CCTV)'!E148 -> 0
A11: 3 | B11: BILL E3: ACCESS CONTROL | C11: ='12801-BOQE3(AC)'!E116 -> 0
A12: 4.1 | B12: BILL E4: FIRE DETECTION : BUILDING AREA # 1 | C12: ='12801-BOQE4(FD)'!E101 -> 0
A13: 4.2 | B13: BILL E4: FIRE DETECTION : BUILDING AREA # 2 | C13: ='12801-BOQE4(FD)'!E171 -> 0
A14: 4.3 | B14: BILL E4: FIRE DETECTION : BUILDING AREA # 3 | C14: ='12801-BOQE4(FD)'!E239 -> 0
A15: 4.4 | B15: BILL E4: FIRE DETECTION : MANAGEMENT & OPERATIONS | C15: ='12801-BOQE4(FD)'!E273 -> 0
A16: 5 | B16: SUB-TOTAL : ELECTRONIC [Items 1 to 4.4] (Excl. VAT) | C16: =SUM(C9:C15) -> 0
A17: 6 | B17: VAT 15% | C17: =C16*0.15 -> 0
A18: 7 | B18: TOTAL AMOUNT : ELECTRONIC [Items 5+6] (Incl. VAT) | C18: =SUM(C16:C17) -> 0

Sheet 12801-BOQE1(UPS)
A1: GANYESA HOSPITAL
A2: DEPARTMENT OF HEALTH
A3: BILL OF QUANTITIES - ELECTRONIC
A6: BOQ No.1: Uninterrupted Power Supply (UPS)
A8: ITEM | B8: DESCRIPTION | C8: UNIT | D8: QTY | E8: RATE | F8: AMOUNT
F9: =$D9*E9 -> 0
A10: 1.1 | B10: STANDARD REGULATIONS AND CODES OF PRACTICE | F10: =E10*$D10 -> 0
B11: All low voltage electrical installation work, pertaining to the UPS systems associated with this project, shall be in accordance with the latest SANS Codes of Practice 10142-1 and in conjunction with: | F11: =E11*$D11 -> 0
B12: Occupational Health and Safety Act of 1993
B13: Manufacturer’s Specifications and Installation Instructions
B14: Industry Standard Good Practices
A15: 1.2 | B15: UPS INSTALLATION | F15: =$D15*E15 -> 0
B16: Allow for the supply, installation, test and commissioning of an uninterruptible power supply system (UPS) in conjuction with the above standard regulations and codes of practice. | F16: =$D16*E16 -> 0
B17: The UPS shall be of the Eaton 9155 tower range, or equivalent and approved, and a three-phase, on-line, double conversion type c/w internal battery backup of 20 minutes (minimum).
A18: 1.2.1 | B18: 20kVA UPS (3-Phase In // 3-Phase Out) | F18: =$D18*E18 -> 0
B19: a) Supply | C19: No | D19: 1 | F19: =$D19*E19 -> 0
B20: b) Install | C20: =C19 -> No | D20: 1 | F20: =$D20*E20 -> 0
B21: Note: Supply and installation of distribution board and field isolators as required for installation of the above UPS system is by others (elsewhere measured in the electrical bills of quantities).
A22: 1.3 | B22: MANAGEMENT AND OPERATIONS | F22: =$D22*E22 -> 0
B23: Testing, Commissioning & Hand-Over | F23: =$D23*E23 -> 0
A24: 1.3.1 | B24: Allow for all factors required for the inspections, testing, commissioning (inclusive of commissioning certificate) and handover of all the installed UPS systems in conjuction with the above codes of practice. | C24: Lot | D24: 1 | F24: =$D24*E24 -> 0
B25: Maintenance & Guarantee | F25: =$D25*E25 -> 0
A26: 1.3.2 | B26: All work performed and all material and equipment furnished, under this contract, shall be free from defects, and shall remain so, for a period of 12 months from the date of hand-over. | C26: Lot | D26: 1 | F26: =$D26*E26 -> 0
B27: Documentation | F27: =$D27*E27 -> 0
A28: 1.3.3 | B28: Handing over of a comprehensive "As-built" Data Pack of the commissioned systems : Three (3) hard copies in A4-sized binders and one (1) soft copy on Disc. | C28: Lot | D28: 1 | F28: =$D28*E28 -> 0
B29: Training | F29: =$D29*E29 -> 0
A30: 1.3.4 | B30: The contractor shall allow for a half-day training session with the client for the successfully operation and performance of first-line maintenance of the installed system/s. | C30: Lot | D30: 1 | F30: =$D30*E30 -> 0
B31: Preliminary & General Costs | F31: =$D31*E31 -> 0
A32: 1.3.5 | B32: Specialist Contractor - Health & Safety File | C32: Lot | D32: 1 | F32: =$D32*E32 -> 0
A33: 1.3.6 | B33: Specialist Contractor - Travelling & accommodation | C33: Lot | D33: 1 | F33: =$D33*E33 -> 0
A34: CARRIED FORWARD TO ITEM 1 - SUMMARY FOR BILLS OF QUANTITIES | E34: =SUM(F9:F33) -> 0

Sheet 12801-BOQE2(CCTV)
A1: GANYESA HOSPITAL
A2: DEPARTMENT OF HEALTH
A3: BILL OF QUANTITIES - ELECTRONIC
A6: BOQ No.2: Closed-Circuit Television Systems (CCTV)
A8: ITEM | B8: DESCRIPTION | C8: UNIT | D8: QTY | E8: RATE | F8: AMOUNT
F9: =$D9*E9 -> 0
A10: 2.1 | B10: STANDARD REGULATIONS AND CODES OF PRACTICE | F10: =E10*$D10 -> 0
B11: All low voltage electrical installation work, pertaining to the CCTV systems associated with this project, shall be in accordance with the latest SANS Codes of Practice 10142-1 and in conjunction with: | F11: =E11*$D11 -> 0
B12: Occupational Health and Safety Act of 1993
B13: Manufacturer’s Specifications and Installation Instructions
B14: Industry Standard Good Practices
A15: 2.2 | B15: CCTV INSTALLATION | F15: =$D15*E15 -> 0
B16: Supply, installation, test and commissioning of a CCTV system in conjuction with the above standard regulations and codes of practice. | F16: =$D16*E16 -> 0
B17: Cameras, digital video recorders and network switches shall be of the Provison-ISR equipment and accessories, or equivalent and approved.
B18: Cameras | F18: =$D18*E18 -> 0
A19: 2.2.1 | B19: I4-390AVF # 2MP 4 in 1 (AHD / TVI/ CVI / Analogue) Bullet Camera, 40m IR (4 LED Array), 1080P AHD or 960H Analogue, 1/3" Sony 2MP Sensor, 2.8-12mm Mega-Pixel Vari-focal Lens | F19: =$D19*E19 -> 0
B20: a) Supply | C20: No | D20: 23 | F20: =$D20*E20 -> 0
B21: b) Install | C21: =C20 -> No | D21: 23 | F21: =$D21*E21 -> 0
A22: 2.2.2 | B22: I3-320AVF # 2MP AHD Pro series IR 40M ( 3LED Array) 2.8-12mm Lens | F22: =$D22*E22 -> 0
B23: a) Supply | C23: No | D23: 54 | F23: =$D23*E23 -> 0
B24: b) Install | C24: =C23 -> No | D24: 54 | F24: =$D24*E24 -> 0
B25: 32+8 CH Dynamic Hybrid DVR | F25: =$D25*E25 -> 0
A26: 2.2.3 | B26: SH-32400A5-5L(1.5U) # 32CH 5MP Lite Half-Real time DVR, 16CH 1080P Real-Time, 4 in 1, AHD,HD-CVI,TVI or Analogue, Output: HDMI & VGA and CVBS, Audio In/Out, Alarm In/Out, 4 SATA (8TB), 400FPS, RS-485
B27: a) Supply | C27: No | D27: 2 | F27: =$D27*E27 -> 0
B28: b) Install | C28: =C27 -> No | D28: 2 | F28: =$D28*E28 -> 0
B29: 1U Rack Mountable Power Supply | F29: =$D29*E29 -> 0
A30: 2.2.4 | B30: PR-20A16CH(1U) # 220Vac/12Vdc 20A rack mountable power supply
B31: a) Supply | C31: No | D31: 5 | F31: =$D31*E31 -> 0
B32: b) Install | C32: =C31 -> No | D32: 5 | F32: =$D32*E32 -> 0
B33: Storage Hard Drive | F33: =$D33*E33 -> 0
A34: 2.2.5 | B34: Seagate SkyHawk # 8TB SATA 6Gb/s
B35: a) Supply | C35: No | D35: 4 | F35: =$D35*E35 -> 0
B36: b) Install | C36: =C35 -> No | D36: 4 | F36: =$D36*E36 -> 0
F38: =$D38*E38 -> 0
F39: =$D39*E39 -> 0
B40: Carried Forward to NEXT PAGE | E40: =SUM(F9:F39) -> 0
A41: ITEM | B41: DESCRIPTION | C41: UNIT | D41: QTY | E41: RATE | F41: AMOUNT
B42: Brought Forward from PREVIOUS PAGE | E42: =E40 -> 0
B44: Uninterrupted Power Supply | F44: =$D44*E44 -> 0
A45: 2.2.6 | B45: 2.0kVA single-phase in // single phase out
B46: a) Supply | C46: No | D46: 3 | F46: =$D46*E46 -> 0
B47: b) Install | C47: =C46 -> No | D47: 3 | F47: =$D47*E47 -> 0
B48: Desktop Computer | F48: =$D48*E48 -> 0
A49: 2.2.7 | B49: Desktop Computer as specified:
B50: Intel Core i5-7500T (2,7GHz 6MB), 8GB (1x8GB) 2400MHz DDR4, 19.5" HD Non Touch, 500GB 2.5inch Serial ATA (7,200 Rpm), 8x DVD+/-RW 9.5mm Optical Disk Drive, Windows 10 Pro (64bit) English, 3Yr Basic Onsite Service (Articulating Easel Stand)
B51: a) Supply | C51: No | D51: 1 | F51: =$D51*E51 -> 0
B52: b) Install | C52: =C51 -> No | D52: 1 | F52: =$D52*E52 -> 0
B53: Surveillance Screens / Monitors | F53: =$D53*E53 -> 0
A54: 2.2.8 | B54: 65" UHD Smart TV c/w tilt wall mount bracket # Hisense 65B7100UW, or equivalent and approved.
B55: a) Supply | C55: No | D55: 1 | F55: =$D55*E55 -> 0
B56: b) Install | C56: =C55 -> No | D56: 1 | F56: =$D56*E56 -> 0
A57: 2.2.9 | B57: 32" HD LED TV c/w tilt wall mount bracket # Hisense 32N50HTS , or equivalent & approved.
B58: a) Supply | C58: No | D58: 1 | F58: =$D58*E58 -> 0
B59: b) Install | C59: =C58 -> No | D59: 1 | F59: =$D59*E59 -> 0
A60: 2.2.10 | B60: 24" Monitor (desk top) # Mecer LED , or equivalent & approved.
B61: a) Supply | C61: No | D61: 1 | F61: =$D61*E61 -> 0
B62: b) Install | C62: =C61 -> No | D62: 1 | F62: =$D62*E62 -> 0
A63: 2.2.11 | B63: 7" LCD Monitor
B64: Display Size: 7.0 inches (16: 9)* Double-channel video input* Resolution: 640 x 480 RGB* Visual Angle: 130, Brightness: 400, Contrast: 350* TV type: Analog* TV System: PAL/ NTSC/ SECAM* Operation Temperature: -10-50 Celsius* Input Port: Double-channel video input* Function: OSD menu, rear view system, AV (CD, VCD, DVD, GPS, camera)
B65: a) Supply | C65: No | D65: 7 | F65: =$D65*E65 -> 0
B66: b) Install | C66: =C65 -> No | D66: 7 | F66: =$D66*E66 -> 0
B67: Cable and Accessories | F67: =$D67*E67 -> 0
A68: 2.2.12 | B68: CAB-12US # Linkbasic 12U Swing Frame Wall Box
B69: a) Supply | C69: No | D69: 3 | F69: =$D69*E69 -> 0
B70: b) Install | C70: =C69 -> No | D70: 3 | F70: =$D70*E70 -> 0
A71: 2.2.13 | B71: RG59-500 coaxial power cable (0.75mm) - 500m
B72: a) Supply | C72: No | D72: 11 | F72: =$D72*E72 -> 0
B73: b) Install | C73: =C72 -> No | D73: 11 | F73: =$D73*E73 -> 0
F74: =$D74*E74 -> 0
B75: Carried Forward to NEXT PAGE | E75: =SUM(F43:F74)+E42 -> 0
A76: ITEM | B76: DESCRIPTION | C76: UNIT | D76: QTY | E76: RATE | F76: AMOUNT
B77: Brought Forward from PREVIOUS PAGE | E77: =E75 -> 0
A79: 2.2.14 | B79: HDMI cable (5m) - Ver1.4; 1080P+3D
B80: a) Supply | C80: No | D80: 4 | F80: =$D80*E80 -> 0
B81: b) Install | C81: =C80 -> No | D81: 4 | F81: =$D81*E81 -> 0
A82: 2.2.15 | B82: PR-HDKVMoNET # HDMI USB KVM Extender Over Cat5e/Cat6
B83: a) Supply | C83: No | D83: 1 | F83: =$D83*E83 -> 0
B84: b) Install | C84: =C83 -> No | D84: 1 | F84: =$D84*E84 -> 0
A85: 2.2.16 | B85: PR-SP102 (4K) # 4K HDMI splitter; 1 in 2 out
B86: a) Supply | C86: No | D86: 2 | F86: =$D86*E86 -> 0
B87: b) Install | C87: =C86 -> No | D87: 2 | F87: =$D87*E87 -> 0
A88: 2.2.17 | B88: PR-C13 # 3Pcs BNC plug c/w BNC plastic boot
B89: a) Supply | C89: No | D89: 200 | F89: =$D89*E89 -> 0
B90: b) Install | C90: =C89 -> No | D90: 200 | F90: =$D90*E90 -> 0
A91: 2.2.18 | B91: PR-C08 # DC Jack - Male
B92: a) Supply | C92: No | D92: 200 | F92: =$D92*E92 -> 0
B93: b) Install | C93: =C92 -> No | D93: 200 | F93: =$D93*E93 -> 0
A94: 2.2.19 | B94: PR-B55JB # Waterproof junction box for AHD & IP Cameras
B95: a) Supply | C95: No | D95: 53 | F95: =$D95*E95 -> 0
B96: b) Install | C96: =C95 -> No | D96: 53 | F96: =$D96*E96 -> 0
B97: Wiring Duct & Conduit | F97: =$D97*E97 -> 0
B98: Wiring duct, conduit, mounting and fixing accessories as measured below, makes provision for both the CCTV installation work (BOQ E2) and Access Control installation work (BOQ E3)
B99: Wiring Duct of the Cabstrut, or equivalent and approved. Surface wall mounted and/or suspended in ceiling void, c/w all elbows, tees, covers, splices, end caps, mounting fixtures, adaptors, clamps, hangers and accessories.
A100: 2.2.20 | B100: P8000 - Wiring Duct
B101: a) Supply | C101: M | D101: 444 | F101: =$D101*E101 -> 0
B102: b) Install | C102: =C101 -> M | D102: 444 | F102: =$D102*E102 -> 0
B103: Conduit, as may be required, to be surface mounted onto concrete/brickwork, c/w all jointing, wall boxes, couplings, bends, conduit boxes, loop-in boxes, saddles and mounting accessories.
A104: 2.2.21 | B104: 25mm - PVC
B105: a) Supply | C105: M | D105: 402 | F105: =$D105*E105 -> 0
B106: b) Install | C106: M | D106: 402 | F106: =$D106*E106 -> 0
...

Sheet 12801-BOQE3(AC)
A1: GANYESA HOSPITAL
A2: DEPARTMENT OF HEALTH
A3: BILL OF QUANTITIES - ELECTRONIC
A6: BOQ No.3: Access Control (AC)
A8: ITEM | B8: DESCRIPTION | C8: UNIT | D8: QTY | E8: RATE | F8: AMOUNT
F9: =$D9*E9 -> 0
A10: 3.1 | B10: STANDARD REGULATIONS AND CODES OF PRACTICE | F10: =E10*$D10 -> 0
B11: All low voltage electrical small power installation work pertaining to this project shall be in accordance with the latest SANS Codes of Practice 10142-1 and in conjunction with: | F11: =E11*$D11 -> 0
B12: Occupational Health and Safety Act of 1993
B13: Manufacturer’s Specifications and Installation Instructions.
B14: Industry Standard Good Practices
A15: 3.2 | B15: ACCESS CONTROL INSTALLATION | F15: =$D15*E15 -> 0
B16: Supply, installation, test and commissioning of a Access Control system in conjuction with the above standard regulations and codes of practice. | F16: =$D16*E16 -> 0
B17: Allowance for all trunking, conduit, mounting and fixing accessories measured elsewhere.
B18: Controllers, readers, panels, door-closers, magnetic-locks shall be of the Saflec Systems / Centurion Sytems equipment and accessories, or equivalent and approved.
B19: Door Controller | F19: =$D19*E19 -> 0
A20: 3.2.1 | B20: SFSDC65000 # SDC-650 multiple door controller | F20: =$D20*E20 -> 0
B21: a) Supply | C21: No | D21: 3 | F21: =$D21*E21 -> 0
B22: b) Install | C22: =C21 -> No | D22: 3 | F22: =$D22*E22 -> 0
B23: Door Closers | F23: =$D23*E23 -> 0
A24: 3.2.2 | B24: EMAG180V1I: Magnetic Lock 180kg 12/24V Inward Swing c/w universal mounting bracket. | F24: =$D24*E24 -> 0
B25: a) Supply | C25: No | D25: 19 | F25: =$D25*E25 -> 0
B26: b) Install | C26: =C25 -> No | D26: 19 | F26: =$D26*E26 -> 0
A27: 3.2.3 | B27: CP121V2: Battery 12V 1.2Ah rechargeable sealed lead-acid | F27: =$D27*E27 -> 0
B28: a) Supply | C28: No | D28: 19 | F28: =$D28*E28 -> 0
B29: b) Install | C29: =C28 -> No | D29: 19 | F29: =$D29*E29 -> 0
A30: 3.2.4 | B30: CLOSEC060K: Cisa Door Closer (40-60kg) | F30: =$D30*E30 -> 0
B31: a) Supply | C31: No | D31: 19 | F31: =$D31*E31 -> 0
B32: b) Install | C32: =C31 -> No | D32: 19 | F32: =$D32*E32 -> 0
A33: 3.2.5 | B33: CP4C2: Battery 12V 7.2Ah rechargeable sealed lead-acid | F33: =$D33*E33 -> 0
B34: a) Supply | C34: No | D34: 19 | F34: =$D34*E34 -> 0
B35: b) Install | C35: =C34 -> No | D35: 19 | F35: =$D35*E35 -> 0
B36: Readers | F36: =$D36*E36 -> 0
A37: 3.2.6 | B37: SSR-221: Take-on Reader (USB) | F37: =$D37*E37 -> 0
B38: a) Supply | C38: No | D38: 1 | F38: =$D38*E38 -> 0
B39: b) Install | C39: =C38 -> No | D39: 1 | F39: =$D39*E39 -> 0
A40: 3.2.7 | B40: SSR-201: RS-485 Proximity Card Reader | F40: =$D40*E40 -> 0
B41: a) Supply | C41: No | D41: 19 | F41: =$D41*E41 -> 0
B42: b) Install | C42: =C41 -> No | D42: 19 | F42: =$D42*E42 -> 0
B44: Carried Forward to NEXT PAGE | E44: =SUM(F9:F43) -> 0
A45: ITEM | B45: DESCRIPTION | C45: UNIT | D45: QTY | E45: RATE | F45: AMOUNT
B46: Brought Forward from PREVIOUS PAGE | E46: =E44 -> 0
A48: 3.2.8 | B48: PBSNOTUCH0: Touch-free Exit Sensor (Diffused Detection) | F48: =$D48*E48 -> 0
B49: a) Supply | C49: No | D49: 19 | F49: =$D49*E49 -> 0
B50: b) Install | C50: =C49 -> No | D50: 19 | F50: =$D50*E50 -> 0
A51: 3.2.9 | B51: PRX125TGV0: Proximity Keyring Tag – 125Khz Gray | F51: =$D51*E51 -> 0
B52: a) Supply | C52: No | D52: 1000 | F52: =$D52*E52 -> 0
B53: b) Install | C53: =C52 -> No | D53: 1000 | F53: =$D53*E53 -> 0
B54: Intercom System | F54: =$D54*E54 -> 0
A55: 3.2.10 | B55: POLOH00WV1: Handset; Standard white | F55: =$D55*E55 -> 0
B56: a) Supply | C56: No | D56: 15 | F56: =$D56*E56 -> 0
B57: b) Install | C57: =C56 -> No | D57: 15 | F57: =$D57*E57 -> 0
A58: 3.2.11 | B58: POLOE2G0V3: Entry panel with two Call Buttons | F58: =$D58*E58 -> 0
B59: a) Supply | C59: No | D59: 15 | F59: =$D59*E59 -> 0
B60: b) Install | C60: =C59 -> No | D60: 15 | F60: =$D60*E60 -> 0
B61: PC and Software | F61: =$D61*E61 -> 0
A62: 3.2.12 | B62: Desktop Computer as specified:
B63: Intel Core i5-7500T (2,7GHz 6MB), 8GB (1x8GB) 2400MHz DDR4, 19.5" HD Non Touch, 500GB 2.5inch Serial ATA (7,200 Rpm), 8x DVD+/-RW 9.5mm Optical Disk Drive, Windows 10 Pro (64bit) English, 3Yr Basic Onsite Service (Articulating Easel Stand)
B64: a) Supply | C64: No | D64: 1 | F64: =$D64*E64 -> 0
B65: b) Install | C65: =C64 -> No | D65: 1 | F65: =$D65*E65 -> 0
A66: 3.2.13 | B66: Saflec Software: Professional Edition SSS-130
B67: a) Supply | C67: No | D67: 1 | F67: =$D67*E67 -> 0
B68: b) Install | C68: =C67 -> No | D68: 1 | F68: =$D68*E68 -> 0
B69: Uninterrupted Power Supply | F69: =$D69*E69 -> 0
A70: 3.2.14 | B70: 2.0kVA (single-phase)
B71: a) Supply | C71: No | D71: 1 | F71: =$D71*E71 -> 0
B72: b) Install | C72: =C71 -> No | D72: 1 | F72: =$D72*E72 -> 0
B73: Cable and Accessories | F73: =$D73*E73 -> 0
A74: 3.2.15 | B74: RS PRO 8-Core Security Cable Polyvinyl Chloride PVC Sheath, coaxial power cable (0.19mm²) - 100m
B75: a) Supply | C75: No | D75: 15 | F75: =$D75*E75 -> 0
B76: b) Install | C76: =C75 -> No | D76: 15 | F76: =$D76*E76 -> 0
A77: 3.2.16 | B77: LB-SM1 # Linkbasic Cat5e Single Surface Mount Box
B78: a) Supply | C78: No | D78: 3 | F78: =$D78*E78 -> 0
B79: b) Install | C79: =C78 -> No | D79: 3 | F79: =$D79*E79 -> 0
F80: =$D80*E80 -> 0
F81: =$D81*E81 -> 0
B83: Carried Forward to NEXT PAGE | E83: =SUM(F47:F81)+E46 -> 0
A84: ITEM | B84: DESCRIPTION | C84: UNIT | D84: QTY | E84: RATE | F84: AMOUNT
B85: Brought Forward from PREVIOUS PAGE | E85: =E83 -> 0
A87: 3.2.17 | B87: UTP-305S: CAT5e, solid shielded FTP cable - 305m
B88: a) Supply | C88: No | D88: 1 | F88: =$D88*E88 -> 0
B89: b) Install | C89: =C88 -> No | D89: 1 | F89: =$D89*E89 -> 0
A90: 3.2.18 | B90: UTP CAT5e patch cable - 3m
B91: a) Supply | C91: No | D91: 1 | F91: =$D91*E91 -> 0
B92: b) Install | C92: =C91 -> No | D92: 1 | F92: =$D92*E92 -> 0
A93: 3.2.19 | B93: UTP CAT5e patch cable - 1m
B94: a) Supply | C94: No | D94: 2 | F94: =$D94*E94 -> 0
B95: b) Install | C95: =C94 -> No | D95: 2 | F95: =$D95*E95 -> 0
A96: 3.2.20 | B96: RJ45 Cat5e Shielded UTP Modular Plug c/w Grey Boot
B97: a) Supply | C97: No | D97: 4 | F97: =$D97*E97 -> 0
B98: b) Install | C98: =C97 -> No | D98: 4 | F98: =$D98*E98 -> 0
B99: Existing Automatic Door | F99: =$D99*E99 -> 0
A100: 3.2.21 | B100: Allow for the repair of the faulty existing automatic sliding door at the entrance porch (MT-36) adjacent to the Theatres and Maternity Ward. | C100: Lot | D100: 1 | F100: =$D100*E100 -> 0
A101: 3.3 | B101: MANAGEMENT AND OPERATIONS
B102: Testing, Commissioning & Hand-Over | F102: =$D102*E102 -> 0
A103: 3.3.1 | B103: Allow for all factors required for the inspections, testing, commissioning (inclusive of commissioning certificate) and handover of all the installed access control systems in conjuction with the above codes of practice. | C103: Lot | D103: 1 | F103: =$D103*E103 -> 0
B104: Maintenance & Guarantee | F104: =$D104*E104 -> 0
A105: 3.3.2 | B105: All work performed and all material and equipment furnished, under this contract, shall be free from defects, and shall remain so, for a period of 12 months from the date of hand-over. | C105: Lot | D105: 1 | F105: =$D105*E105 -> 0
B106: Documentation | F106: =$D106*E106 -> 0
A107: 3.3.3 | B107: Handing over of a comprehensive "As-built" Data Pack of the commissioned systems : Three (3) hard copies in A4-sized binders and one (1) soft copy on Disc. | C107: Lot | D107: 1 | F107: =$D107*E107 -> 0
...

Sheet 12801-BOQE4(FD)
A1: GANYESA HOSPITAL
A2: DEPARTMENT OF HEALTH
A3: BILL OF QUANTITIES - ELECTRONIC
A6: BOQ No.4: Fire Detection & Alarm (FD)
A8: ITEM | B8: DESCRIPTION | C8: UNIT | D8: QTY | E8: RATE | F8: AMOUNT
F9: =$D9*E9 -> 0
A10: 4.1 | B10: STANDARD REGULATIONS AND CODES OF PRACTICE | F10: =E10*$D10 -> 0
B11: All low voltage electrical installation work, pertaining to the Fire Detection systems associated with this project, shall be in accordance with the latest SANS Codes of Practice 10142-1; SANS 10139:2012 Fire Detection for Buildings; SANS 1475 Certification and in conjunction with: | F11: =E11*$D11 -> 0
B12: Occupational Health and Safety Act of 1993
B13: Manufacturer’s Specifications and Installation Instructions
B14: Industry Standard Good Practices
A15: 4.2 | B15: INSTALLATION CONTRACTOR REQUIREMENTS | F15: =E15*$D15 -> 0
B16: The Contractor shall be a member of the Fire Detection Installers Association (FDIA). | F16: =E16*$D16 -> 0
B17: All contractor staff used on this site shall be registered with The South African Qualification & Certification Committee (SAQCC) Fire together with proof of training on the equipment they install. | F17: =E17*$D17 -> 0
A18: 4.3 | B18: FIRE DETECTION & ALARM INSTALLATION | F18: =$D18*E18 -> 0
B19: Supply, installation, test and commissioning of a fire detection & alarm sytems in conjuction with the above standard regulations and codes of practice. | F19: =$D19*E19 -> 0
B20: Intelligent Systems | F20: =$D20*E20 -> 0
B21: Intelligent fire control panels shall be from the Technoswitch TC5400 series analogue addressable types, or equivalent and approved. | F21: =$D21*E21 -> 0
B22: All fire detectors shall be Apollo XP95 addressable types, or equivalent and approved.
B23: Conventional Systems | F23: =$D23*E23 -> 0
B24: Conventional fire control panels shall be of the Technoswitch TC800 range, or equivalent and approved. | F24: =$D24*E24 -> 0
B25: All fire detectors shall be of the Sensomag conventional types, or equivalent and approved.
B26: Battery Backup | F26: =$D26*E26 -> 0
B27: Fire control panels shall have battery backup to ensure continued operation for 24hrs under mains power failure. The contractor shall size batteries in accordance with SANS 10139 calculations. | F27: =$D27*E27 -> 0
B28: Cable / Conduit | F28: =$D28*E28 -> 0
B29: New PH30 cables shall be installed in 25mmØ PVC conduit throughout each building in an A-Class loop configuration. The outgoing leg of the loop shall be kept separate from the return leg.
B30: Tender Pricing | F30: =$D30*E30 -> 0
B31: Prices given in this bill shall be net cost of equipment and materials supplied and installed on site and shall include profit, overheads, financing, insurance and guarantee costs
A34: ITEM | B34: DESCRIPTION | C34: UNIT | D34: QTY | E34: RATE | F34: AMOUNT
A35: 4.4 | B35: BUILDING AREA # 1 (Main Hospital Building) | F35: =E35*$D35 -> 0
B36: Analogue Addressable Fire Alarm Panel | F36: =$D36*E36 -> 0
A37: 4.4.1 | B37: Allow for the procurement, delivery, installation, connection, testing and commissioning of a four loop analogue addressable fire detection and alarm system control panel. | C37: No | D37: 1 | F37: =$D37*E37 -> 0
B38: Standby Batteries | F38: =$D38*E38 -> 0
A39: 4.4.2 | B39: Allow for the procurement, delivery, installation, connection, testing and commissioning of stand by batteries for 24 hour back up and 30 minutes under full alarm load. | C39: No | D39: 2 | F39: =$D39*E39 -> 0
B40: Lightning Protection Units | F40: =$D40*E40 -> 0
A41: 4.4.3 | B41: Allow for procurement and installation of lightning protection units on the mains power supply to the fire alarm panel. | C41: No | D41: 1 | F41: =$D41*E41 -> 0
B42: Allow for procurement and installation of lightning protection units on the cable loops at the fire alarm panel. | C42: No | D42: 4 | F42: =$D42*E42 -> 0
B43: Logbook & Block Plan | F43: =$D43*E43 -> 0
A44: 4.4.4 | B44: Provide logbook in a holder installed adjacent to master fire panel; and a zone diagram and associated signage, laminated and framed behind glass for all fire panels. | C44: Lot | D44: 1 | F44: =$D44*E44 -> 0
B45: Analogue Addressable Fire Detectors & Bases | F45: =$D45*E45 -> 0
A46: 4.4.5 | B46: Allow for the procurement, installation, testing and commissioning of analogue addressable fire detectors as follows: | F46: =$D46*E46 -> 0
B47: a) Optical detectors | C47: No | D47: 196 | F47: =$D47*E47 -> 0
B48: b) Heat detectors | C48: No | D48: 8 | F48: =$D48*E48 -> 0
B49: c) Multi criteria detectors | C49: No | D49: 3 | F49: =$D49*E49 -> 0
B50: Analogue Addressable Manual Call Points | F50: =$D50*E50 -> 0
A51: 4.4.6 | B51: Allow for the procurement, installation, testing and commissioning of analogue addressable manual fire alarm call points with re-settable elements and protective covers | C51: No | D51: 24 | F51: =$D51*E51 -> 0
B52: Line Isolators | F52: =$D52*E52 -> 0
A53: 4.4.7 | B53: Allow for the procurement, installation, testing and commissioning of line isolators. | C53: No | D53: 24 | F53: =$D53*E53 -> 0
B54: Strobe Lights | F54: =$D54*E54 -> 0
A55: 4.4.8 | B55: Allow for the procurement, installation, testing and commissioning of addressable strobe lights. | C55: No | D55: 3 | F55: =$D55*E55 -> 0
B56: Siren/Strobe | F56: =$D56*E56 -> 0
A57: 4.4.9 | B57: Allow for the procurement, installation, testing and commissioning of addressable fire sirens and strobes. | C57: No | D57: 18 | F57: =$D57*E57 -> 0
B58: Fire Resistive Cabling | F58: =$D58*E58 -> 0
A59: 4.4.10 | B59: Allow for adequate cable tested to EN50200 for the fire detection system to specification. | C59: M | D59: 4200 | F59: =$D59*E59 -> 0
B62: Carried Forward to NEXT PAGE | E62: =SUM(F35:F61) -> 0
A63: ITEM | B63: DESCRIPTION | C63: UNIT | D63: QTY | E63: RATE | F63: AMOUNT
B64: Brought Forward from PREVIOUS PAGE | E64: =E62 -> 0
B66: Wiring Duct & Conduit
B67: Wiring duct of the Cabstrut, or equivalent and approved. Surface wall mounted and/or suspended in ceiling void, c/w all elbows, tees, covers, splices, end caps, mounting fixtures, adaptors, clamps, hangers and accessories.
A68: 4.4.11 | B68: P8000 - Wiring duct | C68: M | D68: 365 | F68: =$D68*E68 -> 0
B69: Conduit, as may be required, to be surface mounted onto concrete/brickwork, c/w all jointing, short lengths, wall boxes, couplings, bends, conduit boxes, loop-in boxes, saddles and mounting accessories.
A70: 4.4.12 | B70: 25mm - PVC
B71: a) Supply | C71: M | D71: 1900
B72: b) Install | C72: M | D72: 1900
A73: 4.4.13 | B73: 25mm - Galvanised
B74: a) Supply | C74: M | D74: 100
B75: b) Install | C75: M | D75: 100
A101: CARRIED FORWARD TO ITEM 4.1 - SUMMARY FOR BILLS OF QUANTITIES | E101: =SUM(F65:F100)+E64 -> 0
A102: ITEM | B102: DESCRIPTION | C102: UNIT | D102: QTY | E102: RATE | F102: AMOUNT
A103: 4.5 | B103: BUILDING AREA # 2 | F103: =E103*$D103 -> 0
B104: (Kitchen / Communication / Administration / Plant Rooms) | F104: =E104*$D104 -> 0
B105: Analogue Addressable Fire Detectors & Bases | F105: =$D105*E105 -> 0
A106: 4.5.1 | B106: Allow for the procurement, installation, testing and commissioning of analogue addressable fire detectors as follows: | F106: =$D106*E106 -> 0
B107: a) Optical detectors | C107: No | D107: 45 | E107: =E47 -> 0 | F107: =$D107*E107 -> 0
B108: b) Heat detectors | C108: No | D108: 6 | E108: =E48 -> 0 | F108: =$D108*E108 -> 0
B109: c) Multi criteria detectors | C109: No | D109: 5 | E109: =E49 -> 0 | F109: =$D109*E109 -> 0
B110: Analogue Addressable Manual Call Points | F110: =$D110*E110 -> 0
A111: 4.5.2 | B111: Allow for the procurement, installation, testing and commissioning of analogue addressable manual fire alarm call points with re-settable elements and protective covers. | C111: No | D111: 15 | E111: =E51 -> 0 | F111: =$D111*E111 -> 0
A112: 4.5.3 | B112: Allow for the procurement, installation, testing and commissioning of analogue addressable waterproof manual fire alarm call points with re-settable elements and protective covers. | C112: No | D112: 2 | F112: =$D112*E112 -> 0
B113: Line Isolators | F113: =$D113*E113 -> 0
A114: 4.5.4 | B114: Allow for the procurement, installation, testing and commissioning of line isolators. | C114: No | D114: 4 | F114: =$D114*E114 -> 0
B115: Siren/Strobe | F115: =$D115*E115 -> 0
A116: 4.5.5 | B116: Allow for the procurement, installation, testing and commissioning of addressable fire sirens and strobes. | C116: No | D116: 12 | F116: =$D116*E116 -> 0
A117: 4.5.6 | B117: Allow for the procurement, installation, testing and commissioning of addressable waterproof fire sirens and strobes. | C117: No | D117: 2 | F117: =$D117*E117 -> 0
B118: Fire Resistive Cabling | F118: =$D118*E118 -> 0
A119: 4.5.7 | B119: Allow for adequate cable tested to EN50200 for the fire detection system to specification. | C119: M | D119: 1400 | E119: =E59 -> 0 | F119: =$D119*E119 -> 0
B120: Wiring Duct & Conduit
B121: Wiring duct of the Cabstrut, or equivalent and approved. Surface wall mounted and/or suspended in ceiling void, c/w all elbows, tees, covers, splices, end caps, mounting fixtures, adaptors, clamps, hangers and accessories.
A122: 4.5.8 | B122: P8000 - Wiring duct | C122: M | D122: 135 | E122: =E68 -> 0 | F122: =$D122*E122 -> 0
B123: Conduit, as may be required, to be surface mounted onto concrete/brickwork, c/w all jointing, short lengths, wall boxes, couplings, bends, conduit boxes, loop-in boxes, saddles and mounting accessories.
A124: 4.5.9 | B124: 25mm - PVC
B125: a) Supply | C125: M | D125: 900
B126: b) Install | C126: M | D126: 900
A127: 4.5.10 | B127: 25mm - Galvanised
B128: a) Supply | C128: M | D128: 100
B129: b) Install | C129: M | D129: 100
B131: Carried Forward to NEXT PAGE | E131: =SUM(F103:F130) -> 0
A132: ITEM | B132: DESCRIPTION | C132: UNIT | D132: QTY | E132: RATE | F132: AMOUNT
B133: Brought Forward from PREVIOUS PAGE | E133: =E131 -> 0
B135: Trenching | F135: =$D135*E135 -> 0
...
